Workbook
Name Client: OFFSET(Client!$A$2,,,COUNTA(Client!$A:$A)-1,10)
Name Numéro_Client: INDEX(Client,,1)
Name Numéro_Prospect: INDEX(Prospect,,1)
Name Offre: 'Offre commerciale'!$A:$A
Name Prospect: OFFSET(Prospect!$A$2,,,COUNTA(Prospect!$A:$A)-1,20)
Name Taux_tva: tva+TVA!$A$2:$A$91
Name tva: TVA!$A$2:$A$10

Sheet Devis
F2: DEVIS PREVISIONNEL
F4: Date : | G4: =TODAY() -> 43928 | H4: N° | I4: =CONCATENATE("D",YEAR(NOW()),"0",MONTH(NOW()),"0",DAY(NOW())," ",) -> D20200407
G7: Prospect | H7: PR629
G8: =VLOOKUP(H7,Prospect,2,0)&""
G9: =VLOOKUP(H7,Prospect,3,0)&" "&VLOOKUP(H7,Prospect,4,0)&" "&VLOOKUP(H7,Prospect,5,0)&"" -> Mr & Mme Philippe COULANGE
G10: =VLOOKUP(H7,Prospect,6,0)&"" -> 2 rue du champs au moine
A11: Propriétaire : | C11: =VLOOKUP(H7,Prospect,11,0)&" " -> Mr & Mme COULANGE | G11: =VLOOKUP(H7,Prospect,7,0)&" "&VLOOKUP(H7,Prospect,8,0)&"" -> 35630 ST GONDRAN
A12: Adresse : | C12: =VLOOKUP(H7,Prospect,12,0)&" " -> 2 rue du champs au moine | F12: Tél : | G12: =VLOOKUP(H7,Prospect,9,0)&"" -> 02.99.45.89.82-06.88.25.84.31
A13: Ville : | C13: =VLOOKUP(H7,Prospect,13,0)&" " -> 35630 ST GONDRAN | F13: Mail : | G13: =VLOOKUP(H7,Prospect,10,0)&"" -> kino35@orange.fr
A14: Tél : | C14: =VLOOKUP(H7,Prospect,14,0)&" " -> 02.99.45.89.82-06.88.25.84.31
C15: Adresse d'intervention : | F15: Mr et Mme : | G15: =VLOOKUP(H7,Prospect,16,0)&" " -> Mr & Mme COULANGE | H15: =VLOOKUP(M11,Prospect,11,0)&" " -> #N/A | I15: =VLOOKUP(N11,Prospect,11,0)&" " -> #N/A
F16: Rue : | G16: =VLOOKUP(H7,Prospect,17,0)&" " -> 2 rue du champs au moine | H16: =VLOOKUP(M12,Prospect,11,0)&" " -> #N/A | I16: =VLOOKUP(N12,Prospect,11,0)&" " -> #N/A
F17: N° Appt : | G17: =VLOOKUP(H7,Prospect,18,0)&" " -> Maison individuelle | H17: =VLOOKUP(M13,Prospect,11,0)&" " -> #N/A | I17: =VLOOKUP(N13,Prospect,11,0)&" " -> #N/A
A18: Devis valable 1 Mois soit jusqu'au | D18: =TODAY()+30 -> 43958 | F18: CP : | G18: =VLOOKUP(H7,Prospect,19,0)&" " -> 35630 ST GONDRAN | H18: =VLOOKUP(M14,Prospect,11,0)&" " -> #N/A | I18: =VLOOKUP(N14,Prospect,11,0)&" " -> #N/A
F19: Tél : | G19: =VLOOKUP(H7,Prospect,20,0)&" " -> 02.99.45.89.82-06.88.25.84.31 | H19: =VLOOKUP(M15,Prospect,11,0)&" " -> #N/A | I19: =VLOOKUP(N15,Prospect,11,0)&" " -> #N/A
A21: Réf | B21: Prestations | D21: M²/Ml/Rlx | E21: Prix Unit | F21: Taux TVA | G21: Total HT | H21: TVA | I21: Total TTC
B22: PRESTATIONS DE MENUISERIE
A23: 10 | B23: =IFERROR(VLOOKUP(A23,Offre,2,FALSE),"") | D23: 1 | E23: =IFERROR(VLOOKUP(A23,Offre,3,FALSE),"") | F23: 0.1 | G23: =IFERROR(D23*E23,"") | H23: =IFERROR(G23*F23,"") | I23: =IFERROR(G23+H23,"")
A24: 100 | B24: =IFERROR(VLOOKUP(A24,Offre,2,FALSE),"") | E24: =IFERROR(VLOOKUP(A24,Offre,3,FALSE),"") | F24: 0.1 | G24: =IFERROR(D24*E24,"") | H24: =IFERROR(G24*F24,"") | I24: =IFERROR(G24+H24,"")
A25: 200 | B25: =IFERROR(VLOOKUP(A25,Offre,2,FALSE),"") | E25: =IFERROR(VLOOKUP(A25,Offre,3,FALSE),"") | F25: 0.1 | G25: =IFERROR(D25*E25,"") | H25: =IFERROR(G25*F25,"") | I25: =IFERROR(G25+H25,"")
A26: 300 | B26: =IFERROR(VLOOKUP(A26,Offre,2,FALSE),"") | E26: =IFERROR(VLOOKUP(A26,Offre,3,FALSE),"") | F26: 0.1 | G26: =IFERROR(D26*E26,"") | H26: =IFERROR(G26*F26,"") | I26: =IFERROR(G26+H26,"")
A27: 400 | B27: =IFERROR(VLOOKUP(A27,Offre,2,FALSE),"") | E27: =IFERROR(VLOOKUP(A27,Offre,3,FALSE),"") | F27: 0.1 | G27: =IFERROR(D27*E27,"") | H27: =IFERROR(G27*F27,"") | I27: =IFERROR(G27+H27,"")
A28: 417 | B28: =IFERROR(VLOOKUP(A28,Offre,2,FALSE),"") | E28: =IFERROR(VLOOKUP(A28,Offre,3,FALSE),"") | F28: 0.1 | G28: =IFERROR(D28*E28,"") | H28: =IFERROR(G28*F28,"") | I28: =IFERROR(G28+H28,"")
A29: 418 | B29: =IFERROR(VLOOKUP(A29,Offre,2,FALSE),"") | E29: =IFERROR(VLOOKUP(A29,Offre,3,FALSE),"") | F29: 0.1 | G29: =IFERROR(D29*E29,"") | H29: =IFERROR(G29*F29,"") | I29: =IFERROR(G29+H29,"")
B30: =IFERROR(VLOOKUP(A30,Offre,2,FALSE),"") | E30: =IFERROR(VLOOKUP(A30,Offre,3,FALSE),"") | F30: 0.1 | G30: =IFERROR(D30*E30,"") | H30: =IFERROR(G30*F30,"") | I30: =IFERROR(G30+H30,"")
B31: =IFERROR(VLOOKUP(A31,Offre,2,FALSE),"") | E31: =IFERROR(VLOOKUP(A31,Offre,3,FALSE),"") | F31: 0.1 | G31: =IFERROR(D31*E31,"") | H31: =IFERROR(G31*F31,"") | I31: =IFERROR(G31+H31,"")
B32: =IFERROR(VLOOKUP(A32,Offre,2,FALSE),"") | E32: =IFERROR(VLOOKUP(A32,Offre,3,FALSE),"") | F32: 0.1 | G32: =IFERROR(D32*E32,"") | H32: =IFERROR(G32*F32,"") | I32: =IFERROR(G32+H32,"")
B33: =IFERROR(VLOOKUP(A33,Offre,2,FALSE),"") | E33: =IFERROR(VLOOKUP(A33,Offre,3,FALSE),"") | F33: 0.1 | G33: =IFERROR(D33*E33,"") | H33: =IFERROR(G33*F33,"") | I33: =IFERROR(G33+H33,"")
B34: Bon pour commande le : | D34: ___/____/_______ | G34: Total HT | I34: =SUM(G23:G33) -> 0
G35: Total TVA | I35: =SUM(H23:H33) -> 0
B36: Signature du client | G36: Total TTC | I36: 0
B37: Cachet de l'entreprise | G37: Demande d'acompte 30% | I37: =I36*0.3 -> 0
H39: Suite page | I39: 2/2
A41: Réf | B41: Prestations | D41: M²/Ml/Rlx | E41: Prix Unit | F41: Taux TVA | G41: Total HT | H41: TVA | I41: Total TTC
B42: =IFERROR(VLOOKUP(A42,Offre,2,FALSE),"") | E42: =IFERROR(VLOOKUP(A42,Offre,3,FALSE),"") | F42: 0.1 | G42: =IFERROR(D42*E42,"") | H42: =IFERROR(G42*F42,"") | I42: =IFERROR(G42+H42,"")
B43: =IFERROR(VLOOKUP(A43,Offre,2,FALSE),"") | E43: =IFERROR(VLOOKUP(A43,Offre,3,FALSE),"") | F43: 0.1 | G43: =IFERROR(D43*E43,"") | H43: =IFERROR(G43*F43,"") | I43: =IFERROR(G43+H43,"")
B44: =IFERROR(VLOOKUP(A44,Offre,2,FALSE),"") | E44: =IFERROR(VLOOKUP(A44,Offre,3,FALSE),"") | F44: 0.1 | G44: =IFERROR(D44*E44,"") | H44: =IFERROR(G44*F44,"") | I44: =IFERROR(G44+H44,"")
B45: =IFERROR(VLOOKUP(A45,Offre,2,FALSE),"") | E45: =IFERROR(VLOOKUP(A45,Offre,3,FALSE),"") | F45: 0.1 | G45: =IFERROR(D45*E45,"") | H45: =IFERROR(G45*F45,"") | I45: =IFERROR(G45+H45,"")
B46: =IFERROR(VLOOKUP(A46,Offre,2,FALSE),"") | E46: =IFERROR(VLOOKUP(A46,Offre,3,FALSE),"") | F46: 0.1 | G46: =IFERROR(D46*E46,"") | H46: =IFERROR(G46*F46,"") | I46: =IFERROR(G46+H46,"")
B47: =IFERROR(VLOOKUP(A47,Offre,2,FALSE),"") | E47: =IFERROR(VLOOKUP(A47,Offre,3,FALSE),"") | F47: 0.1 | G47: =IFERROR(D47*E47,"") | H47: =IFERROR(G47*F47,"") | I47: =IFERROR(G47+H47,"")
B48: =IFERROR(VLOOKUP(A48,Offre,2,FALSE),"") | E48: =IFERROR(VLOOKUP(A48,Offre,3,FALSE),"") | F48: 0.1 | G48: =IFERROR(D48*E48,"") | H48: =IFERROR(G48*F48,"") | I48: =IFERROR(G48+H48,"")
B49: =IFERROR(VLOOKUP(A49,Offre,2,FALSE),"") | E49: =IFERROR(VLOOKUP(A49,Offre,3,FALSE),"") | F49: 0.1 | G49: =IFERROR(D49*E49,"") | H49: =IFERROR(G49*F49,"") | I49: =IFERROR(G49+H49,"")
B50: =IFERROR(VLOOKUP(A50,Offre,2,FALSE),"") | E50: =IFERROR(VLOOKUP(A50,Offre,3,FALSE),"") | G50: =IFERROR(D50*E50,"") | H50: =IFERROR(G50*F50,"") | I50: =IFERROR(G50+H50,"")
B51: =IFERROR(VLOOKUP(A51,Offre,2,FALSE),"") | E51: =IFERROR(VLOOKUP(A51,Offre,3,FALSE),"") | G51: =IFERROR(D51*E51,"") | H51: =IFERROR(G51*F51,"") | I51: =IFERROR(G51+H51,"")
B52: =IFERROR(VLOOKUP(A52,Offre,2,FALSE),"") | E52: =IFERROR(VLOOKUP(A52,Offre,3,FALSE),"") | G52: =IFERROR(D52*E52,"") | H52: =IFERROR(G52*F52,"") | I52: =IFERROR(G52+H52,"")
B53: =IFERROR(VLOOKUP(A53,Offre,2,FALSE),"") | E53: =IFERROR(VLOOKUP(A53,Offre,3,FALSE),"") | G53: =IFERROR(D53*E53,"") | H53: =IFERROR(G53*F53,"") | I53: =IFERROR(G53+H53,"")
B54: =IFERROR(VLOOKUP(A54,Offre,2,FALSE),"") | E54: =IFERROR(VLOOKUP(A54,Offre,3,FALSE),"") | G54: =IFERROR(D54*E54,"") | H54: =IFERROR(G54*F54,"") | I54: =IFERROR(G54+H54,"")
B55: =IFERROR(VLOOKUP(A55,Offre,2,FALSE),"") | E55: =IFERROR(VLOOKUP(A55,Offre,3,FALSE),"") | G55: =IFERROR(D55*E55,"") | H55: =IFERROR(G55*F55,"") | I55: =IFERROR(G55+H55,"")
B56: =IFERROR(VLOOKUP(A56,Offre,2,FALSE),"") | E56: =IFERROR(VLOOKUP(A56,Offre,3,FALSE),"") | G56: =IFERROR(D56*E56,"") | H56: =IFERROR(G56*F56,"") | I56: =IFERROR(G56+H56,"")
B57: =IFERROR(VLOOKUP(A57,Offre,2,FALSE),"") | E57: =IFERROR(VLOOKUP(A57,Offre,3,FALSE),"") | G57: =IFERROR(D57*E57,"") | H57: =IFERROR(G57*F57,"") | I57: =IFERROR(G57+H57,"")
B58: =IFERROR(VLOOKUP(A58,Offre,2,FALSE),"") | E58: =IFERROR(VLOOKUP(A58,Offre,3,FALSE),"") | G58: =IFERROR(D58*E58,"") | H58: =IFERROR(G58*F58,"") | I58: =IFERROR(G58+H58,"")
B59: =IFERROR(VLOOKUP(A59,Offre,2,FALSE),"") | E59: =IFERROR(VLOOKUP(A59,Offre,3,FALSE),"") | G59: =IFERROR(D59*E59,"") | H59: =IFERROR(G59*F59,"") | I59: =IFERROR(G59+H59,"")
B60: =IFERROR(VLOOKUP(A60,Offre,2,FALSE),"") | E60: =IFERROR(VLOOKUP(A60,Offre,3,FALSE),"") | G60: =IFERROR(D60*E60,"") | H60: =IFERROR(G60*F60,"") | I60: =IFERROR(G60+H60,"")
B62: Bon pour commande le : | D62: ___/____/_______ | G62: Total HT | I62: =SUM(G42:G60)+I34 -> 0
G63: Total TVA | I63: =SUM(H42:H60)+I35 -> 0
B64: Signature du client | G64: Total TTC | I64: =SUM(I62:I63) -> 0
B65: Cachet de l'entreprise | G65: Demande d'acompte 30% | I65: =I64*0.3 -> 0

Sheet Facture
F2: FACTURE
H3: N° de facture | I3: F2020000
F4: Date : | G4: =TODAY() -> 43928 | H4: N° de devis | I4: =Devis!I4 -> D20200407
G7: Client | H7: PR629
G8: =VLOOKUP(H7,Client,2,0)&""
G9: =VLOOKUP(H7,Client,3,0)&" "&VLOOKUP(H7,Client,4,0)&" "&VLOOKUP(H7,Client,5,0)&"" -> Mr & Mme Philippe COULANGE
G10: =VLOOKUP(H7,Client,6,0)&"" -> 2 rue du champs au moine
A11: Propriétaire : | C11: =VLOOKUP(H7,Prospect,11,0)&" " -> Mr & Mme COULANGE | G11: =VLOOKUP(H7,Client,7,0)&" "&VLOOKUP(H7,Client,8,0)&"" -> 35630 ST GONDRAN
A12: Adresse : | C12: =VLOOKUP(H7,Prospect,12,0)&" " -> 2 rue du champs au moine | F12: Tél : | G12: =VLOOKUP(H7,Client,9,0)&"" -> 02.99.45.89.82-06.88.25.84.31
A13: Ville : | C13: =VLOOKUP(H7,Prospect,13,0)&" " -> 35630 ST GONDRAN | F13: Mail : | G13: =VLOOKUP(H7,Client,10,0)&"" -> kino35@orange.fr
A14: Tél : | C14: =VLOOKUP(H7,Prospect,14,0)&" " -> 02.99.45.89.82-06.88.25.84.31
C15: Adresse d'intervention : | F15: Mr et Mme : | G15: =Devis!G15 -> Mr & Mme COULANGE
F16: Rue : | G16: =Devis!G16 -> 2 rue du champs au moine
A17: Mode de paiement | F17: N° Appt : | G17: =Devis!G17 -> Maison individuelle
F18: CP : | G18: =Devis!G18 -> 35630 ST GONDRAN
A21: Réf | B21: Prestations | D21: M²/Ml/Rlx | E21: Prix Unit | F21: Taux TVA | G21: Total HT | H21: TVA | I21: Total TTC
B22: =Devis!B22 -> PRESTATIONS DE MENUISERIE
A23: =IF(Devis!A23="","",Devis!A23) -> 10 | B23: =IFERROR(VLOOKUP(A23,Offre,2,FALSE),"") | D23: =IF(Devis!D23="","",Devis!D23) -> 1 | E23: =IFERROR(VLOOKUP(A23,Offre,3,FALSE),"") | F23: =IF(Devis!F23="","",Devis!F23) -> 0.1 | G23: =IFERROR(D23*E23,"") | H23: =IFERROR(G23*F23,"") | I23: =IFERROR(G23+H23,"")
A24: =IF(Devis!A24="","",Devis!A24) -> 100 | B24: =IFERROR(VLOOKUP(A24,Offre,2,FALSE),"") | D24: =IF(Devis!D24="","",Devis!D24) | E24: =IFERROR(VLOOKUP(A24,Offre,3,FALSE),"") | G24: =IFERROR(D24*E24,"") | H24: =IFERROR(G24*F24,"") | I24: =IFERROR(G24+H24,"")
A25: =IF(Devis!A25="","",Devis!A25) -> 200 | B25: =IFERROR(VLOOKUP(A25,Offre,2,FALSE),"") | D25: =IF(Devis!D25="","",Devis!D25) | E25: =IFERROR(VLOOKUP(A25,Offre,3,FALSE),"") | G25: =IFERROR(D25*E25,"") | H25: =IFERROR(G25*F25,"") | I25: =IFERROR(G25+H25,"")
A26: =IF(Devis!A26="","",Devis!A26) -> 300 | B26: =IFERROR(VLOOKUP(A26,Offre,2,FALSE),"") | D26: =IF(Devis!D26="","",Devis!D26) | E26: =IFERROR(VLOOKUP(A26,Offre,3,FALSE),"") | G26: =IFERROR(D26*E26,"") | H26: =IFERROR(G26*F26,"") | I26: =IFERROR(G26+H26,"")
A27: =IF(Devis!A27="","",Devis!A27) -> 400 | B27: =IFERROR(VLOOKUP(A27,Offre,2,FALSE),"") | D27: =IF(Devis!D27="","",Devis!D27) | E27: =IFERROR(VLOOKUP(A27,Offre,3,FALSE),"") | G27: =IFERROR(D27*E27,"") | H27: =IFERROR(G27*F27,"") | I27: =IFERROR(G27+H27,"")
A28: =IF(Devis!A28="","",Devis!A28) -> 417 | B28: =IFERROR(VLOOKUP(A28,Offre,2,FALSE),"") | D28: =IF(Devis!D28="","",Devis!D28) | E28: =IFERROR(VLOOKUP(A28,Offre,3,FALSE),"") | G28: =IFERROR(D28*E28,"") | H28: =IFERROR(G28*F28,"") | I28: =IFERROR(G28+H28,"")
A29: =IF(Devis!A29="","",Devis!A29) -> 418 | B29: =IFERROR(VLOOKUP(A29,Offre,2,FALSE),"") | D29: =IF(Devis!D29="","",Devis!D29) | E29: =IFERROR(VLOOKUP(A29,Offre,3,FALSE),"") | G29: =IFERROR(D29*E29,"") | H29: =IFERROR(G29*F29,"") | I29: =IFERROR(G29+H29,"")
A30: =IF(Devis!A30="","",Devis!A30) | B30: =IFERROR(VLOOKUP(A30,Offre,2,FALSE),"") | D30: =IF(Devis!D30="","",Devis!D30) | E30: =IFERROR(VLOOKUP(A30,Offre,3,FALSE),"") | G30: =IFERROR(D30*E30,"") | H30: =IFERROR(G30*F30,"") | I30: =IFERROR(G30+H30,"")
A31: =IF(Devis!A31="","",Devis!A31) | B31: =IFERROR(VLOOKUP(A31,Offre,2,FALSE),"") | D31: =IF(Devis!D31="","",Devis!D31) | E31: =IFERROR(VLOOKUP(A31,Offre,3,FALSE),"") | G31: =IFERROR(D31*E31,"") | H31: =IFERROR(G31*F31,"") | I31: =IFERROR(G31+H31,"")
A32: =IF(Devis!A32="","",Devis!A32) | B32: =IFERROR(VLOOKUP(A32,Offre,2,FALSE),"") | D32: =IF(Devis!D32="","",Devis!D32) | E32: =IFERROR(VLOOKUP(A32,Offre,3,FALSE),"") | G32: =IFERROR(D32*E32,"") | H32: =IFERROR(G32*F32,"") | I32: =IFERROR(G32+H32,"")
A33: =IF(Devis!A33="","",Devis!A33) | B33: =IFERROR(VLOOKUP(A33,Offre,2,FALSE),"") | D33: =IF(Devis!D33="","",Devis!D33) | E33: =IFERROR(VLOOKUP(A33,Offre,3,FALSE),"") | G33: =IFERROR(D33*E33,"") | H33: =IFERROR(G33*F33,"") | I33: =IFERROR(G33+H33,"")
D34: =IF(Devis!D34="","",Devis!D34) -> ___/____/_______
B35: Toute somme non payée à sa date d'exigibilité produira de plein droit des intérêts de retard équivalents au triple du taux d'intérêts légal de l'année en cours ainsi que le paiement d'une somme de 40€ due au titre des frais de recouvrement. | G35: Total HT | I35: =SUM(G15:G33)+I6 -> 0
G36: Total TVA | I36: =SUM(H15:H33)+I7 -> 0
G37: Total TTC | I37: =I35+I36 -> 0
C38: Date limite de paiement | E38: =TODAY()+30 -> 43958 | G38: Acompte reçu 30% | I38: =Devis!I37 -> 0
G39: Reste à régler TTC | I39: =I37-I38 -> 0
H41: Suite page | I41: 2/2
A43: Réf | B43: Prestations | D43: M²/Ml/Rlx | E43: Prix Unit | F43: Taux TVA | G43: Total HT | H43: TVA | I43: Total TTC
A44: =IF(Devis!A42="","",Devis!A42) | B44: =IFERROR(VLOOKUP(A44,Offre,2,FALSE),"") | D44: =IF(Devis!D42="","",Devis!D42) | E44: =IFERROR(VLOOKUP(A44,Offre,3,FALSE),"") | F44: =IF(Devis!F42="","",Devis!F42) -> 0.1 | G44: =IFERROR(D44*E44,"") | H44: =IFERROR(G44*F44,"") | I44: =IFERROR(G44+H44,"")
A45: =IF(Devis!A43="","",Devis!A43) | B45: =IFERROR(VLOOKUP(A45,Offre,2,FALSE),"") | D45: =IF(Devis!D43="","",Devis!D43) | E45: =IFERROR(VLOOKUP(A45,Offre,3,FALSE),"") | F45: =IF(Devis!F43="","",Devis!F43) -> 0.1 | G45: =IFERROR(D45*E45,"") | H45: =IFERROR(G45*F45,"") | I45: =IFERROR(G45+H45,"")
A46: =IF(Devis!A44="","",Devis!A44) | B46: =IFERROR(VLOOKUP(A46,Offre,2,FALSE),"") | D46: =IF(Devis!D44="","",Devis!D44) | E46: =IFERROR(VLOOKUP(A46,Offre,3,FALSE),"") | F46: =IF(Devis!F44="","",Devis!F44) -> 0.1 | G46: =IFERROR(D46*E46,"") | H46: =IFERROR(G46*F46,"") | I46: =IFERROR(G46+H46,"")
A47: =IF(Devis!A45="","",Devis!A45) | B47: =IFERROR(VLOOKUP(A47,Offre,2,FALSE),"") | D47: =IF(Devis!D45="","",Devis!D45) | E47: =IFERROR(VLOOKUP(A47,Offre,3,FALSE),"") | F47: =IF(Devis!F45="","",Devis!F45) -> 0.1 | G47: =IFERROR(D47*E47,"") | H47: =IFERROR(G47*F47,"") | I47: =IFERROR(G47+H47,"")
A48: =IF(Devis!A46="","",Devis!A46) | B48: =IFERROR(VLOOKUP(A48,Offre,2,FALSE),"") | E48: =IFERROR(VLOOKUP(A48,Offre,3,FALSE),"") | F48: =IF(Devis!F46="","",Devis!F46) -> 0.1 | G48: =IFERROR(D48*E48,"") | H48: =IFERROR(G48*F48,"") | I48: =IFERROR(G48+H48,"")
A49: =IF(Devis!A47="","",Devis!A47) | B49: =IFERROR(VLOOKUP(A49,Offre,2,FALSE),"") | D49: =IF(Devis!D47="","",Devis!D47) | E49: =IFERROR(VLOOKUP(A49,Offre,3,FALSE),"") | F49: =IF(Devis!F47="","",Devis!F47) -> 0.1 | G49: =IFERROR(D49*E49,"") | H49: =IFERROR(G49*F49,"") | I49: =IFERROR(G49+H49,"")
A50: =IF(Devis!A48="","",Devis!A48) | B50: =IFERROR(VLOOKUP(A50,Offre,2,FALSE),"") | D50: =IF(Devis!D48="","",Devis!D48) | E50: =IFERROR(VLOOKUP(A50,Offre,3,FALSE),"") | F50: =IF(Devis!F48="","",Devis!F48) -> 0.1 | G50: =IFERROR(D50*E50,"") | H50: =IFERROR(G50*F50,"") | I50: =IFERROR(G50+H50,"")
A51: =IF(Devis!A49="","",Devis!A49) | B51: =IFERROR(VLOOKUP(A51,Offre,2,FALSE),"") | D51: =IF(Devis!D49="","",Devis!D49) | E51: =IFERROR(VLOOKUP(A51,Offre,3,FALSE),"") | F51: =IF(Devis!F49="","",Devis!F49) -> 0.1 | G51: =IFERROR(D51*E51,"") | H51: =IFERROR(G51*F51,"") | I51: =IFERROR(G51+H51,"")
A52: =IF(Devis!A50="","",Devis!A50) | B52: =IFERROR(VLOOKUP(A52,Offre,2,FALSE),"") | D52: =IF(Devis!D50="","",Devis!D50) | E52: =IFERROR(VLOOKUP(A52,Offre,3,FALSE),"") | F52: =IF(Devis!F50="","",Devis!F50) | G52: =IFERROR(D52*E52,"") | H52: =IFERROR(G52*F52,"") | I52: =IFERROR(G52+H52,"")
A53: =IF(Devis!A51="","",Devis!A51) | B53: =IFERROR(VLOOKUP(A53,Offre,2,FALSE),"") | D53: =IF(Devis!D51="","",Devis!D51) | E53: =IFERROR(VLOOKUP(A53,Offre,3,FALSE),"") | F53: =IF(Devis!F51="","",Devis!F51) | G53: =IFERROR(D53*E53,"") | H53: =IFERROR(G53*F53,"") | I53: =IFERROR(G53+H53,"")
A54: =IF(Devis!A52="","",Devis!A52) | B54: =IFERROR(VLOOKUP(A54,Offre,2,FALSE),"") | D54: =IF(Devis!D52="","",Devis!D52) | E54: =IFERROR(VLOOKUP(A54,Offre,3,FALSE),"") | F54: =IF(Devis!F52="","",Devis!F52) | G54: =IFERROR(D54*E54,"") | H54: =IFERROR(G54*F54,"") | I54: =IFERROR(G54+H54,"")
A55: =IF(Devis!A53="","",Devis!A53) | B55: =IFERROR(VLOOKUP(A55,Offre,2,FALSE),"") | D55: =IF(Devis!D53="","",Devis!D53) | E55: =IFERROR(VLOOKUP(A55,Offre,3,FALSE),"") | F55: =IF(Devis!F53="","",Devis!F53) | G55: =IFERROR(D55*E55,"") | H55: =IFERROR(G55*F55,"") | I55: =IFERROR(G55+H55,"")
A56: =IF(Devis!A54="","",Devis!A54) | B56: =IFERROR(VLOOKUP(A56,Offre,2,FALSE),"") | D56: =IF(Devis!D54="","",Devis!D54) | E56: =IFERROR(VLOOKUP(A56,Offre,3,FALSE),"") | F56: =IF(Devis!F54="","",Devis!F54) | G56: =IFERROR(D56*E56,"") | H56: =IFERROR(G56*F56,"") | I56: =IFERROR(G56+H56,"")
A57: =IF(Devis!A55="","",Devis!A55) | B57: =IFERROR(VLOOKUP(A57,Offre,2,FALSE),"") | D57: =IF(Devis!D55="","",Devis!D55) | E57: =IFERROR(VLOOKUP(A57,Offre,3,FALSE),"") | F57: =IF(Devis!F55="","",Devis!F55) | G57: =IFERROR(D57*E57,"") | H57: =IFERROR(G57*F57,"") | I57: =IFERROR(G57+H57,"")
A58: =IF(Devis!A56="","",Devis!A56) | B58: =IFERROR(VLOOKUP(A58,Offre,2,FALSE),"") | D58: =IF(Devis!D56="","",Devis!D56) | E58: =IFERROR(VLOOKUP(A58,Offre,3,FALSE),"") | F58: =IF(Devis!F56="","",Devis!F56) | G58: =IFERROR(D58*E58,"") | H58: =IFERROR(G58*F58,"") | I58: =IFERROR(G58+H58,"")
A59: =IF(Devis!A57="","",Devis!A57) | B59: =IFERROR(VLOOKUP(A59,Offre,2,FALSE),"") | D59: =IF(Devis!D57="","",Devis!D57) | E59: =IFERROR(VLOOKUP(A59,Offre,3,FALSE),"") | F59: =IF(Devis!F57="","",Devis!F57) | G59: =IFERROR(D59*E59,"")
A60: =IF(Devis!A58="","",Devis!A58) | B60: =IFERROR(VLOOKUP(A60,Offre,2,FALSE),"") | D60: =IF(Devis!D58="","",Devis!D58) | E60: =IFERROR(VLOOKUP(A60,Offre,3,FALSE),"") | F60: =IF(Devis!F58="","",Devis!F58) | G60: =IFERROR(D60*E60,"")
A61: =IF(Devis!A59="","",Devis!A59) | B61: =IFERROR(VLOOKUP(A61,Offre,2,FALSE),"") | D61: =IF(Devis!D59="","",Devis!D59) | E61: =IFERROR(VLOOKUP(A61,Offre,3,FALSE),"") | F61: =IF(Devis!F59="","",Devis!F59) | G61: =IFERROR(D61*E61,"")
A62: =IF(Devis!A60="","",Devis!A60) | B62: =IFERROR(VLOOKUP(A62,Offre,2,FALSE),"") | D62: =IF(Devis!D60="","",Devis!D60) | E62: =IFERROR(VLOOKUP(A62,Offre,3,FALSE),"") | F62: =IF(Devis!F60="","",Devis!F60) | G62: =IFERROR(D62*E62,"") | H62: =IFERROR(G62*F62,"") | I62: =IFERROR(G62+H62,"")
B63: Toute somme non payée à sa date d'exigibilité produira de plein droit des intérêts de retard équivalents au triple du taux d'intérêts légal de l'année en cours ainsi que le paiement d'une somme de 40€ due au titre des frais de recouvrement.
G64: Total HT | I64: =SUM(G44:G62)+I35 -> 0
G65: Total TVA | I65: =SUM(H44:H62)+I36 -> 0
C66: Date limite de paiement | E66: =TODAY()+30 -> 43958 | G66: Total TTC | I66: =I64+I65 -> 0
G67: Acompte reçu 30% | I67: =Devis!I37+Devis!I65 -> 0
G68: Reste à régler TTC | I68: =I66-I67 -> 0

Sheet Fiches de chantier
F2: Fiche de Chantier
F4: Date devis : | G4: =TODAY() -> 43928 | H4: N° | J4: =CONCATENATE("GM",YEAR(NOW()),"0",MONTH(NOW()),DAY(NOW()),"-",1) -> GM2020047-1
F7: =Devis!G8 | I7: Adresse d'intervention :
F8: =Devis!G9 -> Mr & Mme Philippe COULANGE | I8: Nom : | J8: =Devis!G15 -> Mr & Mme COULANGE
F9: =Devis!G10 -> 2 rue du champs au moine | I9: Rue : | J9: =Devis!G16 -> 2 rue du champs au moine
F10: =Devis!G11 -> 35630 ST GONDRAN | I10: N° Appt : | J10: =Devis!G17 -> Maison individuelle
E11: Tél : | F11: =Devis!G12 -> 02.99.45.89.82-06.88.25.84.31 | I11: CP : | J11: =Devis!G18 -> 35630 ST GONDRAN
E12: Mail : | F12: =Devis!G13 -> kino35@orange.fr | I12: Tel : | J12: =Devis!G19 -> 02.99.45.89.82-06.88.25.84.31
A14: Nom du ou des techniciens: | H14: temps estimé maxi en H | J14: =SUM(H19:H49)/60 -> 0
G15: Date de début de chantier :
G16: Date de fin de chantier :
A17: Réf | B17: Prestations | D17: M²/Ml/Rlx | E17: Préparation du matériel | F17: Clés a récupérer | G17: Clés rendues | H17: Temps estimé en minute | I17: Temps passé | J17: Observations
B18: =Devis!B22 -> PRESTATIONS DE MENUISERIE
A19: =IF(Devis!A23="","",Devis!A23) -> 10 | B19: =IFERROR(VLOOKUP(A19,Offre,2,FALSE),"") | D19: =IF(Devis!D23="","",Devis!D23) -> 1 | H19: =IFERROR(VLOOKUP(A19,Offre,4,0)*D19,"")
A20: =IF(Devis!A24="","",Devis!A24) -> 100 | B20: =IFERROR(VLOOKUP(A20,Offre,2,FALSE),"") | D20: =IF(Devis!D24="","",Devis!D24) | H20: =IFERROR(VLOOKUP(A20,Offre,4,0)*D20,"")
A21: =IF(Devis!A25="","",Devis!A25) -> 200 | B21: =IFERROR(VLOOKUP(A21,Offre,2,FALSE),"") | D21: =IF(Devis!D25="","",Devis!D25) | H21: =IFERROR(VLOOKUP(A21,Offre,4,0)*D21,"")
A22: =IF(Devis!A26="","",Devis!A26) -> 300 | B22: =IFERROR(VLOOKUP(A22,Offre,2,FALSE),"") | D22: =IF(Devis!D26="","",Devis!D26) | H22: =IFERROR(VLOOKUP(A22,Offre,4,0)*D22,"")
A23: =IF(Devis!A27="","",Devis!A27) -> 400 | B23: =IFERROR(VLOOKUP(A23,Offre,2,FALSE),"") | D23: =IF(Devis!D27="","",Devis!D27) | H23: =IFERROR(VLOOKUP(A23,Offre,4,0)*D23,"")
A24: =IF(Devis!A28="","",Devis!A28) -> 417 | B24: =IFERROR(VLOOKUP(A24,Offre,2,FALSE),"") | D24: =IF(Devis!D28="","",Devis!D28) | H24: =IFERROR(VLOOKUP(A24,Offre,4,0)*D24,"")
A25: Réf | B25: Prestations | D25: M²/Ml/Rlx | E25: Préparation du matériel | F25: Clés a récupérer | G25: Clés rendues | H25: Temps estimé en minute | I25: Temps passé | J25: Observations
A26: =IF(Devis!A29="","",Devis!A29) -> 418 | B26: =IFERROR(VLOOKUP(A26,Offre,2,FALSE),"") | D26: =IF(Devis!D29="","",Devis!D29) | H26: =IFERROR(VLOOKUP(A26,Offre,4,0)*D26,"")
A27: =IF(Devis!A30="","",Devis!A30) | B27: =IFERROR(VLOOKUP(A27,Offre,2,FALSE),"") | D27: =IF(Devis!D30="","",Devis!D30) | H27: =IFERROR(VLOOKUP(A27,Offre,4,0)*D27,"")
A28: =IF(Devis!A31="","",Devis!A31) | B28: =IFERROR(VLOOKUP(A28,Offre,2,FALSE),"") | D28: =IF(Devis!D31="","",Devis!D31) | H28: =IFERROR(VLOOKUP(A28,Offre,4,0)*D28,"")
A29: =IF(Devis!A32="","",Devis!A32) | B29: =IFERROR(VLOOKUP(A29,Offre,2,FALSE),"") | D29: =IF(Devis!D32="","",Devis!D32) | H29: =IFERROR(VLOOKUP(A29,Offre,4,0)*D29,"")
A30: =IF(Devis!A33="","",Devis!A33) | B30: =IFERROR(VLOOKUP(A30,Offre,2,FALSE),"") | D30: =IF(Devis!D33="","",Devis!D33) | H30: =IFERROR(VLOOKUP(A30,Offre,4,0)*D30,"")
A31: =IF(Devis!A42="","",Devis!A42) | B31: =IFERROR(VLOOKUP(A31,Offre,2,FALSE),"") | D31: =IF(Devis!D42="","",Devis!D42) | H31: =IFERROR(VLOOKUP(A31,Offre,4,0)*D31,"")
A32: =IF(Devis!A43="","",Devis!A43) | B32: =IFERROR(VLOOKUP(A32,Offre,2,FALSE),"") | D32: =IF(Devis!D43="","",Devis!D43) | H32: =IFERROR(VLOOKUP(A32,Offre,4,0)*D32,"")
A33: =IF(Devis!A44="","",Devis!A44) | B33: =IFERROR(VLOOKUP(A33,Offre,2,FALSE),"") | D33: =IF(Devis!D44="","",Devis!D44) | H33: =IFERROR(VLOOKUP(A33,Offre,4,0)*D33,"")
A34: =IF(Devis!A45="","",Devis!A45) | B34: =IFERROR(VLOOKUP(A34,Offre,2,FALSE),"") | D34: =IF(Devis!D45="","",Devis!D45) | H34: =IFERROR(VLOOKUP(A34,Offre,4,0)*D34,"")
A35: =IF(Devis!A46="","",Devis!A46) | B35: =IFERROR(VLOOKUP(A35,Offre,2,FALSE),"") | D35: =IF(Devis!D46="","",Devis!D46) | H35: =IFERROR(VLOOKUP(A35,Offre,4,0)*D35,"")
A36: =IF(Devis!A47="","",Devis!A47) | B36: =IFERROR(VLOOKUP(A36,Offre,2,FALSE),"") | D36: =IF(Devis!D47="","",Devis!D47) | H36: =IFERROR(VLOOKUP(A36,Offre,4,0)*D36,"")
A37: =IF(Devis!A48="","",Devis!A48) | B37: =IFERROR(VLOOKUP(A37,Offre,2,FALSE),"") | D37: =IF(Devis!D48="","",Devis!D48) | H37: =IFERROR(VLOOKUP(A37,Offre,4,0)*D37,"")
A38: =IF(Devis!A49="","",Devis!A49) | B38: =IFERROR(VLOOKUP(A38,Offre,2,FALSE),"") | D38: =IF(Devis!D49="","",Devis!D49) | H38: =IFERROR(VLOOKUP(A38,Offre,4,0)*D38,"")
A39: =IF(Devis!A50="","",Devis!A50) | B39: =IFERROR(VLOOKUP(A39,Offre,2,FALSE),"") | D39: =IF(Devis!D50="","",Devis!D50) | H39: =IFERROR(VLOOKUP(A39,Offre,4,0)*D39,"")
A40: =IF(Devis!A51="","",Devis!A51) | B40: =IFERROR(VLOOKUP(A40,Offre,2,FALSE),"") | D40: =IF(Devis!D51="","",Devis!D51) | H40: =IFERROR(VLOOKUP(A40,Offre,4,0)*D40,"")
A41: =IF(Devis!A52="","",Devis!A52) | B41: =IFERROR(VLOOKUP(A41,Offre,2,FALSE),"") | D41: =IF(Devis!D52="","",Devis!D52) | H41: =IFERROR(VLOOKUP(A41,Offre,4,0)*D41,"")
A42: =IF(Devis!A53="","",Devis!A53) | B42: =IFERROR(VLOOKUP(A42,Offre,2,FALSE),"") | D42: =IF(Devis!D53="","",Devis!D53) | H42: =IFERROR(VLOOKUP(A42,Offre,4,0)*D42,"")
... A49: =IF(Devis!A60="","",Devis!A60) | B49: =IFERROR(VLOOKUP(A49,Offre,2,FALSE),"") | D49: =IF(Devis!D60="","",Devis!D60) | H49: =IFERROR(VLOOKUP(A49,Offre,4,0)*D49,"")

Sheet Offre commerciale
A1: référence | B1: désignation | C1: prix € | D1: temps/m² ou ml | E1: cout horaire | F1: matière P | G1: temps | H1: M² | I1: COEF = | J1: 1.05
B2: PEINTURE
B3: INTERIEURE
A4: 1 | B4: Préparation des plafonds, 1 couche d'impression, ratissage, 2 couches de peinture en blanc Mat | C4: =((F4*H4)+G4)*J1 -> 20.5275 | D4: 22 | E4: 45 | F4: 3.05 | G4: =(D4/60)*E4 -> 16.5 | H4: 1 | I4: PLACO NEUF
A5: 2 | B5: Préparation des murs, 1 couche d'impression, ratissage, 2 couches de peinture en blanc velours | C5: =((F5*H5)+G5)*J1 -> 18.9525 | D5: 20 | E5: 45 | F5: 3.05 | G5: =(D5/60)*E5 -> 15 | H5: 1 | I5: PLACO NEUF
A6: 3 | B6: Préparation des plafonds en lessivage, 2 couches de peinture en blanc Mat | C6: =((F6*H6)+G6)*J1 -> 16.38 | D6: 18 | E6: 45 | F6: 2.1 | G6: =(D6/60)*E6 -> 13.5 | H6: 1
A7: 4 | B7: Préparation des murs en lessivage, 2 couches de peinture en blanc velours | C7: =((F7*H7)+G7)*J1 -> 14.805 | D7: 16 | E7: 45 | F7: 2.1 | G7: =(D7/60)*E7 -> 12 | H7: 1
A8: 5 | B8: Plus-value de couleur sur choix du client sur un pan de mur avec réchampi | C8: =((F8*H8)+G8)*J1 -> 5.67 | D8: 3 | E8: 45 | F8: 3.15 | G8: =(D8/60)*E8 -> 2.25 | H8: 1
A9: 6 | B9: Bâchage de mur, protection du sol avant mise en peinture à l'airless pour prestation de plafond ou murs | C9: =((F9*H9)+G9)*J1 -> 194.775 | D9: 210 | E9: 45 | F9: 28 | G9: =(D9/60)*E9 -> 157.5 | H9: 1
A10: 7 | B10: Réparation des fissures avec pose de calicot au plafond, enduisage, ponçage | C10: =((F10*H10)+G10)*J1 -> 57.75 | D10: 60 | E10: 45 | F10: 10 | G10: =(D10/60)*E10 -> 45 | H10: 1
A11: 8 | B11: Lessivage plafond, peinture isolante sur taches tabac ou humidité, 2 couches de blanc Mat | C11: =((F11*H11)+G11)*J1 -> 24.885 | D11: 26 | E11: 45 | F11: 4.2 | G11: =(D11/60)*E11 -> 19.5 | H11: 1
A12: 9 | B12: Lessivage plafond, réparation fissure, pose de calicot, préparation, pose de toile lisse, 2 couches de blanc MAT | C12: =((F12*H12)+G12)*J1 -> 35.49 | D12: 28 | E12: 45 | F12: 12.8 | G12: =(D12/60)*E12 -> 21 | H12: 1
A13: 10 | B13: Décollage du papier peint cuisine, préparation des murs, fourniture et pose de toile, 2 couches de blanc velours | C13: =((F13*H13)+G13)*J1 -> 27.8985 | D13: 28 | E13: 45 | F13: =1.92+3.65 -> 5.57 | G13: =(D13/60)*E13 -> 21 | H13: 1 | I13: Cuisine
A14: 11 | B14: Décollage du papier peint salle de bain, préparation des murs, fourniture et pose de toile, 2 couches de blanc velours | C14: =((F14*H14)+G14)*J1 -> 27.111 | D14: 27 | E14: 45 | F14: =1.92+3.65 -> 5.57 | G14: =(D14/60)*E14 -> 20.25 | H14: 1 | I14: Salle de bain
A15: 12 | B15: Décollage du papier peint dans la chambre, préparation des murs, fourniture et pose de toile, 2 couches de blanc velours | C15: =((F15*H15)+G15)*J1 -> 25.536 | D15: 25 | E15: 45 | F15: =1.92+3.65 -> 5.57 | G15: =(D15/60)*E15 -> 18.75 | H15: 1 | I15: Chambre
A16: 13 | B16: Décollage du papier peint WC, préparation des murs, fourniture et pose de toile, 2 couches de blanc velours | C16: =((F16*H16)+G16)*J1 -> 27.111 | D16: 27 | E16: 45 | F16: =1.92+3.65 -> 5.57 | G16: =(D16/60)*E16 -> 20.25 | H16: 1 | I16: Toilette
A17: 14 | B17: Décollage du papier peint séjour, préparation des murs, fourniture et pose de toile, 2 couches de blanc velours | C17: =((F17*H17)+G17)*J1 -> 25.536 | D17: 25 | E17: 45 | F17: =1.92+3.65 -> 5.57 | G17: =(D17/60)*E17 -> 18.75 | H17: 1 | I17: Salon séjour
A18: 15 | B18: Décollage du papier peint du hall, préparation des murs, fourniture et pose de toile, 2 couches de peinture blanc velours | C18: =((F18*H18)+G18)*J1 -> 27.8985 | D18: 28 | E18: 45 | F18: =1.92+3.65 -> 5.57 | G18: =(D18/60)*E18 -> 21 | H18: 1 | I18: Couloir
A19: 16 | B19: Décollage du papier peint placard, préparation des murs, fourniture et pose de toile, 2 couches de blanc velours | C19: =((F19*H19)+G19)*J1 -> 25.536 | D19: 25 | E19: 45 | F19: =1.92+3.65 -> 5.57 | G19: =(D19/60)*E19 -> 18.75 | H19: 1 | I19: Placard
A20: 17 | B20: Décollage du papier peint de la cage d'escalier, préparation des murs, fourniture et pose de toile, 2 couches de blanc velours | C20: =((F20*H20)+G20)*J1 -> 31.0485 | D20: 32 | E20: 45 | F20: =1.92+3.65 -> 5.57 | G20: =(D20/60)*E20 -> 24 | H20: 1 | I20: Cuisine
A21: 18 | B21: Décollage du papier peint cuisine, préparation des murs, fourniture et pose de toile de verre, 2 couches de blanc velours | C21: =((F21*H21)+G21)*J1 -> 26.4285 | D21: 28 | E21: 45 | F21: =1.92+2.25 -> 4.17 | G21: =(D21/60)*E21 -> 21 | H21: 1 | I21: Cuisine
A22: 19 | B22: Décollage du papier peint salle de bain, préparation des murs, fourniture et pose de toile de verre, 2 couches de blanc velours | C22: =((F22*H22)+G22)*J1 -> 25.641 | D22: 27 | E22: 45 | F22: =1.92+2.25 -> 4.17 | G22: =(D22/60)*E22 -> 20.25 | H22: 1 | I22: Salle de bain
A23: 20 | B23: Décollage du papier peint dans la chambre, préparation des murs, fourniture et pose de toile de verre, 2 couches de blanc velours | C23: =((F23*H23)+G23)*J1 -> 24.066 | D23: 25 | E23: 45 | F23: =1.92+2.25 -> 4.17 | G23: =(D23/60)*E23 -> 18.75 | H23: 1 | I23: Chambre
A24: 21 | B24: Décollage du papier peint WC, préparation des murs, fourniture et pose de toile de verre, 2 couches de blanc velours | C24: =((F24*H24)+G24)*J1 -> 25.641 | D24: 27 | E24: 45 | F24: =1.92+2.25 -> 4.17 | G24: =(D24/60)*E24 -> 20.25 | H24: 1 | I24: Toilette
A25: 22 | B25: Décollage du papier peint séjour, préparation des murs, fourniture et pose de toile de verre, 2 couches de blanc velours | C25: =((F25*H25)+G25)*J1 -> 24.066 | D25: 25 | E25: 45 | F25: =1.92+2.25 -> 4.17 | G25: =(D25/60)*E25 -> 18.75 | H25: 1 | I25: Salon séjour
A26: 23 | B26: Décollage du papier peint du hall, préparation des murs, fourniture et pose de toile de verre, 2 couches de blanc velours | C26: =((F26*H26)+G26)*J1 -> 26.4285 | D26: 28 | E26: 45 | F26: =1.92+2.25 -> 4.17 | G26: =(D26/60)*E26 -> 21 | H26: 1 | I26: Couloir
A27: 24 | B27: Décollage du papier peint placard, préparation des murs, fourniture et pose de toile de verre, 2 couches de blanc velours | C27: =((F27*H27)+G27)*J1 -> 24.066 | D27: 25 | E27: 45 | F27: =1.92+2.25 -> 4.17 | G27: =(D27/60)*E27 -> 18.75 | H27: 1 | I27: Placard
A28: 25 | B28: Décollage du papier peint de la cage d'escalier, préparation des murs, fourniture et pose de toile de verre, 2 couches de blanc | C28: =((F28*H28)+G28)*J1 -> 29.5785 | D28: 32 | E28: 45 | F28: =1.92+2.25 -> 4.17 | G28: =(D28/60)*E28 -> 24 | H28: 1 | I28: Cage d'escalier
A29: 26 | B29: Lessivage porte et huisserie recto-verso, 2 couches de blanc satin | C29: =((F29*H29)+G29)*J1 -> 93.975 | D29: 90 | E29: 45 | F29: 22 | G29: =(D29/60)*E29 -> 67.5 | H29: 1
A30: 27 | B30: Lessivage porte et huisserie 1 face, 2 couches de blanc satin | C30: =((F30*H30)+G30)*J1 -> 65.1 | D30: 60 | E30: 45 | F30: 17 | G30: =(D30/60)*E30 -> 45 | H30: 1
A31: 28 | B31: Préparation de toutes les plinthes, 2 couches de peinture en blanc | C31: =((F31*H31)+G31)*J1 -> 6.0375 | D31: 5 | E31: 45 | F31: 2 | G31: =(D31/60)*E31 -> 3.75 | H31: 1
A32: 29 | B32: Préparation, lessivage du placard, 2 couches de blanc | C32: =((F32*H32)+G32)*J1 -> 69.2475 | D32: 75 | E32: 45 | F32: 9.7 | G32: =(D32/60)*E32 -> 56.25 | H32: 1
A33: 30 | B33: Fenêtre intérieur, lessivage, ponçage, retouche impression, nettoyage mastic, 2 couches de blanc | C33: =((F33*H33)+G33)*J1 -> 91.35 | D33: 100 | E33: 45 | F33: 12 | G33: =(D33/60)*E33 -> 75 | H33: 1
A34: 31 | B34: Lessivage porte-fenêtre intérieur, 2 couches de blanc | C34: =((F34*H34)+G34)*J1 -> 137.025 | D34: 150 | E34: 45 | F34: 18 | G34: =(D34/60)*E34 -> 112.5 | H34: 1
A35: 32 | B35: Préparation, ponçage de portes doubles vantaux avec moulures, 2 couches de blanc | C35: =((F35*H35)+G35)*J1 -> 149.625 | D35: 150 | E35: 45 | F35: 30 | G35: =(D35/60)*E35 -> 112.5 | H35: 1
A36: 33 | B36: Lessivage, préparation de la porte d'entrée intérieur extérieur en peinture bi couleur EXT 8014 INT 9010 | C36: =((F36*H36)+G36)*J1 -> 288.75 | D36: 240 | E36: 45 | F36: 95 | G36: =(D36/60)*E36 -> 180 | H36: 1
A37: 34 | C37: =((F37*H37)+G37)*J1 -> 288.75 | D37: 240 | E37: 45 | F37: 95 | G37: =(D37/60)*E37 -> 180 | H37: 1 | J37: Sur Plafond propre de maison neuve
A38: 35 | B38: Lessivage plafond, peinture isolante sur tache, 2 couches de peinture | C38: =((F38*H38)+G38)*J1 -> 28.14 | D38: 24 | E38: 45 | F38: 8.8 | G38: =(D38/60)*E38 -> 18 | H38: 1
A39: 36 | B39: Lessivage fumée sur Murs, 1 couche de peinture isolante, 1 couche de blanc velours | C39: =((F39*H39)+G39)*J1 -> 26.565 | D39: 22 | E39: 45 | F39: 8.8 | G39: =(D39/60)*E39 -> 16.5 | H39: 1
A40: 37 | B40: Plus-value cage d'escalier et puit de lumière | C40: =((F40*H40)+G40)*J1 -> 322.245 | D40: 270 | E40: 45 | F40: 8.7 | G40: =(D40/60)*E40 -> 202.5 | H40: 12 | J40: Sur murs propre de maison neuve
A41: 38 | C41: =((F41*H41)+G41)*J1 -> 21.735 | D41: 16 | E41: 45 | F41: 8.7 | G41: =(D41/60)*E41 -> 12 | H41: 1 | J41: Sur bloc porte propre de maison neuve
A42: 39 | B42: Préparation des murs , Impression, pose d'un recouvre tout sur mur abimé, 2 couches de blanc velours | C42: =((F42*H42)+G42)*J1 -> 32.34 | D42: 28 | E42: 45 | F42: 9.8 | G42: =(D42/60)*E42 -> 21 | H42: 1
A43: 40 | C43: =((F43*H43)+G43)*J10 -> 0 | D43: 0 | E43: 45 | F43: 0 | G43: =(D43/60)*E43 -> 0
A44: 41 | C44: =((F44*H44)+G44)*J11 -> 0 | D44: 0 | E44: 45 | F44: 0 | G44: =(D44/60)*E44 -> 0 | H44: 12
A45: 42 | C45: =((F45*H45)+G45)*J12 -> 0 | D45: 0 | E45: 45 | F45: 0 | G45: =(D45/60)*E45 -> 0
A46: 43 | C46: =((F46*H46)+G46)*J13 -> 0 | D46: 0 | E46: 45 | F46: 0 | G46: =(D46/60)*E46 -> 0
A47: 44 | C47: =((F47*H47)+G47)*J14 -> 0 | D47: 0 | E47: 45 | F47: 0 | G47: =(D47/60)*E47 -> 0
A48: 45 | C48: =((F48*H48)+G48)*J15 -> 0 | D48: 0 | E48: 45 | F48: 0 | G48: =(D48/60)*E48 -> 0 | H48: 1
A49: 46 | C49: =((F49*H49)+G49)*J16 -> 0 | D49: 0 | E49: 45 | F49: 0 | G49: =(D49/60)*E49 -> 0
A50: 47 | B50: Dépose et repose du radiateur pour mise en peinture du mur. (A vérifier si possible) | C50: =((F50*H50)+G50)*J1 -> 69.5625 | D50: 75 | E50: 45 | F50: 10 | G50: =(D50/60)*E50 -> 56.25 | H50: 1
A51: 48 | B51: Lessivage radiateur, 2 couches de peinture en blanc | C51: =((F51*H51)+G51)*J1 -> 91.875 | D51: 90 | E51: 45 | F51: 20 | G51: =(D51/60)*E51 -> 67.5 | H51: 1
A52: 49 | C52: =((F52*H52)+G52)*J49 -> 0 | D52: 75 | E52: 45 | F52: 25 | G52: =(D52/60)*E52 -> 56.25 | H52: 1
A53: 50 | C53: =((F53*H53)+G53)*J50 -> 0 | D53: 30 | E53: 45 | F53: 32 | G53: =(D53/60)*E53 -> 22.5 | H53: 1
A54: 51 | C54: =((F54*H54)+G54)*J51 -> 0 | D54: 30 | E54: 45 | F54: 30 | G54: =(D54/60)*E54 -> 22.5 | H54: 1
A55: 52 | B55: Forfait de peinture sur tuyauterie cuivre ou pvc | C55: =((F55*H55)+G55)*J1 -> 97.125 | D55: 90 | E55: 45 | F55: 25 | G55: =(D55/60)*E55 -> 67.5 | H55: 1
A56: 53 | C56: =((F56*H56)+G56)*J53 -> 0 | D56: 60 | E56: 45 | F56: 10 | G56: =(D56/60)*E56 -> 45 | H56: 1
A57: 54 | B57: Lessivage, ponçage de la poutre bois, 2 couches de lasure | C57: =(F57*H57)+G57 -> 292 | D57: 360 | E57: 45 | F57: 22 | G57: =(D57/60)*E57 -> 270 | H57: 1
A58: 55 | B58: Décapage de porte d'entrée en bois coté extérieur, rebouchage, impression, 2 couche de peinture Gris Anthracite 7016 | C58: =((F58*H58)+G58)*J1 -> 429.975 | D58: 510 | E58: 45 | F58: 27 | G58: =(D58/60)*E58 -> 382.5 | H58: 1
A59: 56 | B59: Décapage de porte d'entrée en bois coté intérieur, rebouchage, impression, 2 couche de peinture Gris Anthracite 7016 | C59: =((F59*H59)+G59)*J1 -> 429.975 | D59: 510 | E59: 45 | F59: 27 | G59: =(D59/60)*E59 -> 382.5 | H59: 1
A60: 57 | B60: Préparation du sous bassement bois, ponçage, impression, 2 couches de blanc satin | C60: =((F60*H60)+G60)*J1 -> 27.5625 | D60: 20 | E60: 45 | F60: 11.25 | G60: =(D60/60)*E60 -> 15 | H60: 1
A61: 58 | B61: Préparation, ponçage avec moulures et corniches, impression, 2 couches de peinture satin | C61: =((F61*H61)+G61)*J1 -> 35.4375 | D61: 30 | E61: 45 | F61: 11.25 | G61: =(D61/60)*E61 -> 22.5 | H61: 1
A62: 59 | B62: Forfait de lasure opaque en 2 couches sur poutres bois | C62: =((F62*H62)+G62)*J1 -> 89.775 | D62: 90 | E62: 45 | F62: 18 | G62: =(D62/60)*E62 -> 67.5 | H62: 1
B63: ESCALIER
A64: 60 | B64: Ponçage du dessus de l'escalier marche et contre-marches | C64: =((F64*H64)+G64)*J1 -> 19.6875 | D64: 20 | E64: 45 | F64: 3.75 | G64: =(D64/60)*E64 -> 15 | H64: 1
A65: 61 | B65: Application d'une lasure et 2 couches de vitrification | C65: =((F65*H65)+G65)*J1 -> 33.915 | D65: 30 | E65: 45 | F65: 9.8 | G65: =(D65/60)*E65 -> 22.5 | H65: 1
A66: 62 | B66: Lessivage des limons, bareaux et rampe, application d'un fixateur, 2 couches de couleur idem mur blanc crème | C66: =((F66*H66)+G66)*J1 -> 1173.69 | D66: =45*H66 -> 540 | E66: 45 | F66: =4.95*H66 -> 59.4 | G66: =(D66/60)*E66 -> 405 | H66: 12
A67: 63 | B67: Mise en lasure de l'escalier en 3 couches CETABOIS | C67: =((F67*H67)+G67)*J1 -> 254.1 | D67: 240 | E67: 45 | F67: 62 | G67: =(D67/60)*E67 -> 180 | H67: 1
A68: 64 | B68: Lessivage et ponçage des bareaux d'escalier, 2 couches de couleur | C68: =((F68*H68)+G68)*J1 -> 330.75 | D68: 120 | E68: 45 | F68: 45 | G68: =(D68/60)*E68 -> 90 | H68: 5
A69: 65 | B69: Lessivage et ponçage du dessous de marches et des cotés de l'escalier, 2 couches de peinture couleur | C69: =((F69*H69)+G69)*J1 -> 425.25 | D69: 240 | E69: 45 | F69: 45 | G69: =(D69/60)*E69 -> 180 | H69: 5
A70: 66 | B70: Lessivage et ponçage du dessus de marches de l'escalier, 2 couches de lasure | C70: =((F70*H70)+G70)*J1 -> 378 | D70: 180 | E70: 45 | F70: 45 | G70: =(D70/60)*E70 -> 135 | H70: 5
A71: 67 | B71: Lessivage des contre marches et des cotés, 2 couches de couleur | C71: =((F71*H71)+G71)*J1 -> 549.15 | D71: 240 | E71: 45 | F71: 49 | G71: =(D71/60)*E71 -> 180 | H71: 7
A72: 68 | B72: Lasure Cétabois en 3 couches sur limons, montants et rampes | C72: =((F72*H72)+G72)*J1 -> 447.3 | D72: 540 | E72: 46 | F72: 12 | G72: =(D72/60)*E72 -> 414 | H72: 1
A73: 69 | B73: Lasure Cétabois en 1 couches sur marches et contre marches du dessus et dessous | C73: =((F73*H73)+G73)*J1 -> 17.57 | D73: 14 | E73: 46 | F73: 6 | G73: =(D73/60)*E73 -> 10.733333 | H73: 1
A74: 70 | B74: Vitrification Duralac des marches et contre-marches du dessus en 2 couches | C74: =((F74*H74)+G74)*J1 -> 243.04 | D74: 28 | E74: 46 | F74: 15 | G74: =(D74/60)*E74 -> 21.466667 | H74: 14
A75: 71 | C75: =((F75*H75)+G75)*J1 -> 0 | D75: 0 | E75: 45 | F75: 0 | G75: =(D75/60)*E75 -> 0 | H75: 2
A76: 72 | C76: =((F76*H76)+G76)*J1 -> 0 | D76: 0 | E76: 45 | F76: 0 | G76: =(D76/60)*E76 -> 0 | H76: 1
A77: 73 | C77: =((F77*H77)+G77)*J1 -> 0 | D77: 0 | E77: 45 | F77: 0 | G77: =(D77/60)*E77 -> 0 | H77: 4
A78: 74 | C78: =((F78*H78)+G78)*J1 -> 0 | D78: 0 | E78: 45 | F78: 0 | G78: =(D78/60)*E78 -> 0 | H78: 5
A79: 75 | C79: =((F79*H79)+G79)*J1 -> 0 | D79: 0 | E79: 45 | F79: 0 | G79: =(D79/60)*E79 -> 0 | H79: 5
A80: 76 | C80: =((F80*H80)+G80)*J1 -> 0 | D80: 0 | E80: 45 | F80: 0 | G80: =(D80/60)*E80 -> 0 | H80: 5
B81: PEINTURE
B82: EXTERIEURE
A83: 100 | B83: Préparation de porte tièrcée face extérieure, lessivage, rebouchage acrylique, 3 couches de peinture extérieur de couleur gris anthracite, démontage des petits bois pour mise en peinture | C83: =((F83*H83)+G83)*J1 -> 217.35 | D83: 240 | E83: 45 | F83: 27 | G83: =(D83/60)*E83 -> 180 | H83: 1
A84: 101 | B84: Préparation de fenêtre en chassis fixe, face extérieure, lessivage, rebouchage acrylique, 2 couches de peinture extérieure de couleur gris anthracite, démontage des petits bois pour mise en peinture | C84: =((F84*H84)+G84)*J1 -> 154.35 | D84: 180 | E84: 45 | F84: 12 | G84: =(D84/60)*E84 -> 135 | H84: 1
A85: 102 | B85: Préparation de fenêtre en chassis fixe en taille moyenne, face extérieure, lessivage, rebouchage acrylique, 2 couches de peinture extérieure de couleur | C85: =((F85*H85)+G85)*J1 -> 94.815 | D85: 110 | E85: 45 | F85: 7.8 | G85: =(D85/60)*E85 -> 82.5 | H85: 1
A86: 103 | B86: Fenêtre en pvc face extérieure, lessivage, primaire, 3 couches de peinture extérieure de couleur gris anthracite | C86: =((F86*H86)+G86)*J1 -> 122.85 | D86: 120 | E86: 45 | F86: 27 | G86: =(D86/60)*E86 -> 90 | H86: 1
A87: 104 | B87: Porte pleine face extérieure, lessivage, ponçage, retouche, 2 couches de peinture extérieure de couleur gris anthracite, démontage des petits bois pour mise en peinture | C87: =((F87*H87)+G87)*J1 -> 159.6 | D87: 180 | E87: 45 | F87: 17 | G87: =(D87/60)*E87 -> 135 | H87: 1
A88: 105 | B88: Préparation de fenêtre en chassis fixe grande taille, face extérieure, lessivage, rebouchage acrylique, 2 couches de peinture extérieure de couleur gris anthracite, démontage des petits bois pour mise en peinture | C88: =((F88*H88)+G88)*J1 -> 177.975 | D88: 210 | E88: 45 | F88: 12 | G88: =(D88/60)*E88 -> 157.5 | H88: 1
A89: 106 | B89: Préparation de porte face extérieure, lessivage, rebouchage acrylique, 3 couches de peinture extérieur de couleur gris anthracite, démontage des petits bois pour mise en peinture | C89: =((F89*H89)+G89)*J1 -> 185.325 | D89: 210 | E89: 45 | F89: 19 | G89: =(D89/60)*E89 -> 157.5 | H89: 1
A90: 107 | B90: Poutre de linteaux extérieur, lessivage, ponçage,3 couches de peinture exterieure de couleur gris anthracite | C90: =((F90*H90)+G90)*J1 -> 83.475 | D90: 90 | E90: 45 | F90: 12 | G90: =(D90/60)*E90 -> 67.5 | H90: 1
A91: 108 | B91: Préparation, ponçage de fenêtre extérieur, avec petits bois, 2 couches de peinture glycéro blanche | C91: =((F91*H91)+G91)*J1 -> 173.25 | D91: 180 | E91: 45 | F91: 30 | G91: =(D91/60)*E91 -> 135 | H91: 1
A92: 109 | B92: Préparation, ponçage de la porte de garage recto verso, 2 couches de blanc | C92: =((F92*H92)+G92)*J1 -> 354.9 | D92: 360 | E92: 45 | F92: 68 | G92: =(D92/60)*E92 -> 270 | H92: 1
A93: 110 | B93: Préparation, ponçage de la porte de service recto verso, 2 couches de blanc | C93: =((F93*H93)+G93)*J1 -> 164.325 | D93: 150 | E93: 45 | F93: 44 | G93: =(D93/60)*E93 -> 112.5 | H93: 1
A94: 111 | C94: =((F94*H94)+G94)*J1 -> 0 | D94: 0 | E94: 45 | F94: 0 | G94: =(D94/60)*E94 -> 0
A95: 112 | C95: =((F95*H95)+G95)*J1 -> 0 | D95: 0 | E95: 45 | F95: 0 | G95: =(D95/60)*E95 -> 0 | H95: 1
A96: 113 | C96: =((F96*H96)+G96)*J1 -> 0 | D96: 0 | E96: 46 | F96: 0 | G96: =(D96/60)*E96 -> 0 | H96: 1
A97: 114 | C97: =((F97*H97)+G97)*J1 -> 0 | D97: 0 | E97: 46 | F97: 0 | G97: =(D97/60)*E97 -> 0 | H97: 1
B98: FERREUX
A99: 115 | B99: Garde Corps, lessivage, grattage rouille, retouche antirouille, 2 couches de laque antirouille couleur | C99: =((F99*H99)+G99)*J1 -> 397.95 | D99: 480 | E99: 45 | F99: 19 | G99: =(D99/60)*E99 -> 360 | H99: 1
A100: 116 | B100: Décapage et brossage avec décapant super puissant lessive de potassium pour remise a nu du fer | C100: =((F100*H100)+G100)*J1 -> 53.55 | D100: 60 | E100: 46 | F100: 5 | G100: =(D100/60)*E100 -> 46 | H100: 1
...

Sheet Prospect
A1: Prospect | B1: Agence | C1: Civilité | D1: Prénom | E1: Nom | F1: adresse | G1: CP | H1: ville | I1: téléphone | J1: Email | K1: Propriétaire | L1: Adresse | M1: Ville | N1: Téléphone | O1: Mail | P1: Locataire | Q1: Adresse | R1: Appart | S1: Ville | T1: Téléphone | U1: DEVIS | V1: DATE | W1: FACTURE | X1: DATE
A2: PR1 | B2: PIGEAULT IMMOBILIER | C2: Mr | D2: Charléric | E2: BANCHEREAU | F2: 25 rue de la monnaie | G2: 3500 | H2: RENNES | I2: 02.99.30.82.18 | J2: locationrennes@pigeaultimmobilier.fr
A3: PR2 | B3: ST ELOI PATRIMOINE | C3: Mr | E3: ROSPARS | F3: 45 Rue du Gl de GAULLE | G3: 35360 | H3: MONTAUBAN de BRETAGNE | I3: 02.99.06.32.32 | J3: sainteloipatrimoine@wanadoo.fr | P3: Mr & Mme GADIR | Q3: 7 place du parlement | R3: 2ème | S3: 35000 RENNES
A4: PR3 | B4: LFI LA FRANCAISE IMMOBILIERE | C4: Mme | D4: Elodie | E4: GOUDET | F4: 28 Bd de la Liberté | G4: 35040 | H4: RENNES | I4: 02.23.25.42.21 | J4: rennescleunay@francaiseimmo.fr | Q4: 70 bd de la guéninais | R4: 3ème | S4: 35000 RENNES
A5: PR4 | B5: BIZEUL IMMOBILIER | C5: Mr | D5: Christophe | E5: BIZEUL | F5: 74 chaussée du Sillon | G5: 35400 | H5: ST MALO | I5: 06.07.17.43.84 | J5: chistophe@bizeul.biz
A6: PR5 | C6: Mme | D6: Roselyne | E6: BEAUVALLET | F6: 7 Domaine de la cote noir | G6: 92500 | H6: RUEIL MALMAISON | K6: Mme BEAUVALLET | L6: 7 Domaine de la cote noir | M6: 92500 RUEIL MALMAISON | P6: Mme BEAUVALLET &PIERRE | Q6: 49 rue Marçais Martin | S6: 35000 RENNES
A7: PR6 | B7: BARON IMMOBILIER | C7: Mr | D7: Jean-Paul | E7: BARON | F7: 12 Place du bas des Lices | G7: 35000 | H7: RENNES | I7: 02.99.30.05.61 | J7: baron.immobilier@wanadoo.fr | K7: Mme ROBIC Adrienne | L7: 22 rue du stade | M7: 56480 CLEGUEREC | N7: 02.97.38.07.67 | P7: Mme KERMARREC | Q7: 45 Av du Mail François Mitterrand | R7: 4 ème | S7: 35000 RENNES | T7: 06.83.52.33.64
A8: PR7 | C8: Mr | D8: Christian | E8: DANIEL
A9: PR8 | B9: LA FRANCAISE IMMOBILIERE | C9: Mme | D9: Laurence | E9: CARRET | H9: ST GREGOIRE
A10: PR9 | C10: Mme / Mr | D10: René | E10: ROUX | F10: 26 Rue Julien Geoffroy | G10: 35000 | H10: RENNES | I10: 06.85.39.48.05 / 06.62.27.58.30
A11: PR10 | C11: Mme / Mr | D11: Patrick | E11: CROSNIER | F11: 4 av Félicité de Lamennais | G11: 35190 | H11: TINTENIAC | I11: 02.99.68.04.71
A12: PR11 | C12: Mme / Mr | E12: FONTAINE | F12: 13 Rue de Flandre | G12: 35135 | H12: CHANTEPIE | I12: 02.99.77.38.43 - 06.24.62.84.69 | J12: lajpfontaine@cgtel.net | K12: Mr & Mme FONTAINE | L12: 13 Rue de Flandre | M12: 35135 CHANTEPIE | N12: 02.99.77.38.43 - 06.24.62.84.69 | T12: 02.99.77.38.43 - 06.24.62.84.69
A13: PR12 | B13: LAFORET IMMOBILIER | C13: Mr | D13: Sébastien | E13: LEMEE | F13: 25 Rue des Rouairies | G13: 22100 | H13: DINAN | I13: 02.96.39.08.33 | J13: slemee-servicegestion@laforet.com | K13: LE MEUR | L13: 23 rue Lejamptel | M13: 35120 DOL de BRETAGNE | P13: SALAUN | Q13: 11 Rés du Bellanger | R13: 28 | S13: 35120 Dol de Bretagne | T13: 06.59.56.90.73
A14: PR13 | C14: Mr | D14: Qentin | E14: NEVEU | F14: 127 Rue d'Antrain | G14: 35000 | H14: RENNES | I14: 06.20.80.19.62 | J14: achat@quentinneveu.fr | K14: Mr DURAND | P14: Mr NEVEU | Q14: 127 Rue d'Antrain | S14: 35000 RENNES | T14: 06.20.80.19.62
A15: PR14 | B15: CASINO GROUPE BARRIERE | C15: Mr | D15: Christophe | E15: OZANE | F15: 4 bd Prés WILSSON | G15: 35800 | H15: DINARD | I15: 06.74.95.08.15 | J15: cozane@groupebarriere.com | P15: CASINO GROUPE BARRIERE | Q15: 4 bd Prés WILSSON | S15: 35800 DINARD
A16: PR15 | C16: Mr | D16: Thierry | E16: LEROUX | F16: 8 Rue des genets | G16: 22350 | H16: CAULNES | I16: 06.41.97.78.33 | J16: leroux_thierry@yahoo.fr | K16: Mr LEROUX | L16: 8 Rue des genets | M16: 22350 CAULNES | N16: 06.41.97.78.33 | O16: leroux_thierry@yahoo.fr | Q16: 2 Rés ter trente | R16: RDC droit | S16: 35190 TINTENIAC
A17: PR16 | C17: Mme | D17: Marie Françoise | E17: DAVID | F17: 1 Rue HAMON | G17: 35000 | H17: RENNES | I17: 06.43.55.15.23 | J17: mariedavid35@hotmail.com | K17: Mme DAVID | L17: 1 Rue HAMON | M17: 35000 RENNES | N17: 06.43.55.15.23 | O17: mariedavid35@hotmail.com | P17: BOULANGER | Q17: 33 Aurélie Nemours | R17: 2ème étage | S17: 35000 RENNES
A18: PR17 | B18: SCI DU FOUR | C18: Mr | D18: Bruno | E18: CAMUS | F18: 8 Rue du four | G18: 35630 | H18: HEDE | I18: 06.19.72.28.54 | J18: b-cam@orange.fr | K18: Mr CAMUS | L18: 8 Rue du four | M18: 35630 HEDE | N18: 06.19.72.28.54 | P18: Mr CAMUS | Q18: 8 Rue du four | S18: 35630 HEDE | T18: 06.19.72.28.54
A19: PR18 | C19: Mr | D19: Jean | E19: LEMEE | F19: 6 Square de Lettonie | G19: 35000 | H19: RENNES | I19: 02.99.50.03.94 | P19: Mr LEMEE | Q19: 6 Square de Lettonie | S19: 35000 RENNES
A20: PR19 | B20: AGENCE COGIR | C20: Mr | D20: Franck | E20: MAUSSION | F20: 5 Rue Lafayette | G20: 35000 | H20: RENNES | I20: 06.70.88.77.31 | J20: franck.maussion@cogir.fr | P20: 20160721000163-PRIME | Q20: 11b, Rue Adolphe Leray | R20: 02.99.54.18.76 | S20: 35000 RENNES
A21: PR20 | B21: AGENCE COGIR | C21: Mr | D21: Franck | E21: MAUSSION | F21: 5 Rue Lafayette | G21: 35000 | H21: RENNES | I21: 06.70.88.77.31 | J21: franck.maussion@cogir.fr | P21: 20150420019843-GUERINEL | Q21: 36 Allée du Gacet | R21: RDC droit | S21: 35000 RENNES
A22: PR21 | B22: AGENCE COGIR | C22: Mr | D22: Bastien | E22: CHEVAL | F22: 5 Rue Lafayette | G22: 35000 | H22: RENNES | I22: 06.71.00.35.39 | J22: bastien.cheval@cogir.fr | P22: 20160920000292-HEUDRE | Q22: 15, place des Lices | R22: 5ème droit | S22: 35000 RENNES | T22: 06.12.39.92.14
A23: PR22 | C23: Mr / Mme | D23: Jean-Claude | E23: GILET | F23: 5 Rue Libération | G23: 35190 | H23: TINTENIAC | I23: 02.99.54.92.47 - 06.66.05.73.84 | K23: Mr & Mme GILET | L23: 5 Rue Libération | M23: 35190 TINTENIAC | N23: 02.99.54.92.47 - 06.66.05.73.84 | P23: Mr & Mme GILET | S23: 35850 PARTHENAY de BRETAGNE
A24: PR23 | C24: Mme | D24: Carole | E24: CROVETTO | F24: La haute Landelle | G24: 35190 | H24: TINTENIAC | I24: 06.77.73.80.18 | J24: carole.crovetto@gmail.com | K24: Mme CROVETTO | L24: La haute Landelle | M24: 35190 TINTENIAC | N24: 06.77.73.80.18 | P24: Mr GUIGNARD | Q24: La haute Landelle | R24: Maison individuelle | S24: 35190 TINTENIAC | T24: 06.71.58.19.25
A25: PR24 | C25: Mr | D25: Jean-Yves | E25: BUSNEL | F25: launay godin | G25: 35190 | H25: TINTENIAC | I25: 06.23.16.16.95 | K25: Mr BUSNEL | L25: launay godin | M25: 35190 TINTENIAC | N25: 06.23.16.16.95 | Q25: La grassaie | S25: 35190 St DOMINEUC
A26: PR25 | C26: Mr | D26: PILLON | E26: Service technique | F26: Rue nationale | G26: 35190 | H26: TINTENIAC | I26: 06.77.04.68.95 | J26: services.techniques@tinteniac.fr | K26: Mairie | L26: Rue Nationale | M26: 35190 TINTENIAC | N26: 02.99.68.03.77 | O26: services.techniques@tinteniac.fr | P26: Presbytère | Q26: 5 Rue du puit Roubidou | S26: 35190 TINTENIAC | T26: 02.99.68.03.77
A27: PR26 | C27: Mr | D27: Jean | E27: DURAND | F27: 29 bd dezerseul | G27: 35510 | H27: CESSON SEVIGNE | I27: 02.99.83.39.87 | J27: jean.durand252@orange.fr | K27: Mr DURAND | L27: 29 bd dezerseul | M27: 35510 CESSON SEVIGNE | N27: 02.99.83.39.87 | P27: Mr NEVEU | Q27: 27 Rue d'antrain | S27: 35000 RENNES
A28: PR27 | B28: AGENCE COGIR | C28: Mr | D28: Franck | E28: MAUSSION | F28: 5 Rue Lafayette | G28: 35000 | H28: RENNES | I28: 06.70.88.77.31 | J28: franck.maussion@cogir.fr | P28: 201607719000158-DELAGARDE | Q28: 15 Place St Anne | R28: 2ème droit | S28: 35000 RENNES | T28: 06.73.44.66.23
A29: PR28 | B29: PIGEAULT IMMOBILIER | C29: Mr | D29: Charléric | E29: BANCHEREAU | F29: 25 rue de la monnaie | G29: 35000 | H29: RENNES | I29: 02.99.30.82.18 | J29: locationrennes@pigeaultimmobilier.fr | K29: Mr FOUSAGRIVE | P29: Mme DUCRET | Q29: 81 Rue d'Antrain | R29: Les Bastides A201 | S29: 35000 RENNES | T29: 06.11.27.37.46
A30: PR29 | B30: PIGEAULT IMMOBILIER | C30: Mr | D30: Charléric | E30: BANCHEREAU | F30: 25 rue de la monnaie | G30: 35000 | H30: RENNES | I30: 02.99.30.82.18 | J30: locationrennes@pigeaultimmobilier.fr | K30: Mr & Mme MOISAN | P30: Mr FIEVRE | Q30: 11 Rue Surcouf | R30: N°56 | S30: 35000 RENNES | T30: 06.19.33.77.21
A31: PR30 | B31: SCANN IMAGE | C31: Mr | E31: EDET | F31: 8 Rue Erbonière | G31: 35510 | H31: CESSON SEVIGNE | I31: 02.99.26.12.00 | J31: isa.persehaie@yahoo.fr | K31: Mr EDET | L31: 8 Rue Erbonière | M31: 35510 CESSON SEVIGNE | N31: 02.99.26.12.00 | O31: isa.persehaie@yahoo.fr | P31: Mr EDET | Q31: 8 Rue Erbonière | S31: 35510 CESSON SEVIGNE | T31: 02.99.26.12.00
A32: PR31 | B32: BARON IMMOBILIER | C32: Mr | D32: Jean-Paul | E32: BARON | F32: 12 Place du bas des Lices | G32: 35000 | H32: RENNES | I32: 02.99.30.05.61 | J32: baron.immobilier@wanadoo.fr | P32: Mr Bretteville Mlle Scott | Q32: 3 Rue Château Renault | R32: 1er droit | S32: 35000 RENNES | T32: 06.42.77.78.13 - 06.46.42.12.76
A33: PR32 | C33: Mr & Mme | D33: Philippe | E33: MAZURIER | F33: 23 Rue haut champs | G33: 35190 | H33: TINTENIAC | K33: Dr MAZURIER | L33: 13 Rue du haut champ | M33: 35190 TINTENIAC | P33: Mr DUBO | Q33: 32 Av des trente | S33: 35190 TINTENIAC | T33: 06.61.43.06.02
A34: PR33 | C34: Mr | E34: COSTA | I34: 06.12.25.50.97 | J34: costa_583@hotmail.com | K34: Mr COSTA | N34: 06.12.25.50.97 | O34: costa_583@hotmail.com | Q34: 11Bis Rue du Clos de justice | S34: 35190 TINTENIAC
A35: PR34 | B35: PIGEAULT IMMOBILIER | C35: Mme | D35: Carole | E35: MARAIS | F35: 25 rue de la monnaie | G35: 35000 | H35: RENNES | I35: 02.99.30.82.18 | J35: locationrennes@pigeaultimmobilier.fr | P35: Mme KERVENO | Q35: 6 Rue St Martin | R35: C208 | S35: 35510 CESSON SEVIGNE | T35: 06.11.27.37.46
A36: PR35 | B36: PIGEAULT IMMOBILIER | C36: Mme | D36: Carole | E36: MARAIS | F36: 26 rue de la monnaie | G36: 3500110 | H36: RENNES | I36: 02.99.30.82.19 | J36: locationrennes@pigeaultimmobilier.fr
A37: PR36 | B37: AGENCE BIZEUL | C37: Mr | D37: Stéphane | E37: RONDELLE | F37: 74 chaussée du Sillon | G37: 35400 | H37: ST MALO | J37: s.ronde@bizeulimmobilier.com | Q37: 10 reu des Français libre | S37: 35800 DINARD
A38: PR37 | B38: COLLEGE ST JOSEPH | C38: Mme | E38: PROVOST | F38: 2 rue St Jean-Baptiste de la salle | G38: 35190 | H38: TINTENIAC | I38: 02.99.68.02.28 | J38: compta2@stjoseph-tinteniac.fr | K38: COLLEGE ST JOSEPH | L38: 2 rue St Jean-Baptiste de la salle | M38: 35190 TINTENIAC | P38: Mme PROVOST | Q38: 2 rue St Jean-Baptiste de la salle | S38: 35190 TINTENIAC | T38: 02.99.68.02.28
A39: PR38 | B39: MAIRIE DE TINTENIAC | C39: Mr | E39: PILLON | F39: 12 Rue Nationnale | G39: 35190 | H39: TINTENIAC | I39: 02.99.68.18.68 - 06.77.04.68.95 | J39: services.techniques@tinteniac.fr | K39: MAIRIE DE TINTENIAC | L39: 12 Rue Nationnale | M39: 35190 TINTENIAC | P39: MAIRIE DE TINTENIAC | Q39: 12 Rue Nationnale | S39: 35190 TINTENIAC
A40: PR39 | B40: PIGEAULT IMMOBILIER | C40: Mme | D40: Carole | E40: MARAIS | F40: 25 rue de la monnaie | G40: 35000 | H40: RENNES | I40: 02.99.30.82.18 | J40: locationrennes@pigeaultimmobilier.fr | K40: Mme LE BELLEC | L40: Kerpuns | M40: 22260 PLOUEC DU TRIEUX | P40: Mlle POULIQUEN | Q40: 11 rue Surcouf | R40: N° A55 | S40: 35000 RENNES | T40: 06.59.77.42.11
A41: PR40 | B41: AGENCE COGIR | C41: Mr | D41: Bastien | E41: CHEVAL | F41: 5 Rue Lafayette | G41: 35000 | H41: RENNES | I41: 06.71.00.35.39 | J41: bastien.cheval@cogir.fr | K41: 20161007000336-MOUTON | P41: GUEGAN Solène | Q41: 6 rue Leconte de L'Isle | R41: RDC | S41: 35000 RENNES | T41: 06.47.26.73.05
A42: PR41 | B42: PIGEAULT IMMOBILIER | C42: Mme | D42: Carole | E42: MARAIS | F42: 25 rue de la monnaie | G42: 35000 | H42: RENNES | I42: 02.99.30.82.18 | J42: locationrennes@pigeaultimmobilier.fr | P42: Mme DAUPHIN | Q42: 27 Rue Etienne Pinault | R42: N° 4 RDC | S42: 35000 RENNES | T42: 06.42.04.47.25 - 02.99.87.90.05
A43: PR42 | C43: Mr | E43: COSTA | I43: 06.12.25.50.97 | J43: costa_583@hotmail.com | K43: Mr COSTA | Q43: 41 Av du Gl de Gaulle | R43: RDC | S43: 35170 BRUZ | T43: 06.12.25.50.97
A44: PR43 | B44: AGENCE COGIR | C44: Mr | D44: Bastien | E44: CHEVAL | F44: 5 Rue Lafayette | G44: 35000 | H44: RENNES | I44: 06.71.00.35.39 | J44: bastien.cheval@cogir.fr | K44: 20161102000396-LARDOUX | P44: MENNERET | Q44: 6, rue Jean Moilin | R44: 2ème étage gauche | S44: 35000 RENNES | T44: Libre
A45: PR44 | B45: PIGEAULT IMMOBILIER | C45: Mme | D45: Sophie | E45: CHEREL | F45: 25 rue de la monnaie | G45: 35000 | H45: RENNES | I45: 02.99.30.82.18 | J45: locationrennes@pigeaultimmobilier.fr | K45: Mr & Mme DIAKITE ISAAC | L45: 1, Lotissement des Vergers | M45: 70240 SAULX | N45: 06.76.71.21.04 | P45: Mlle NOURY | Q45: 13 rue Louis Armand | R45: 1er étage N° C112 | S45: 35170 BRUZ | T45: Libre
A46: PR45 | C46: Mme | D46: Marie Françoise | E46: DAVID | F46: 1 Rue HAMON | G46: 35000 | H46: RENNES | I46: 06.43.55.15.23 | J46: mariedavid35@hotmail.com | K46: Mme DAVID | L46: 1 Rue HAMON | M46: 35000 RENNES | N46: 06.43.55.15.23 | O46: mariedavid35@hotmail.com | Q46: 31 rue Amiral Courbet | R46: 3ème gauche | S46: 35000 RENNES
A47: PR46 | C47: Mme | D47: Marie Françoise | E47: DAVID | F47: 1 Rue HAMON | G47: 35000 | H47: RENNES | I47: 06.43.55.15.23 | J47: mariedavid35@hotmail.com | K47: Mme DAVID | L47: 1 Rue HAMON | M47: 35000 RENNES | N47: 06.43.55.15.23 | O47: mariedavid35@hotmail.com | P47: Mme DAVID | Q47: 1 Rue HAMON | R47: Maison individuelle | S47: 35000 RENNES | T47: 06.43.55.15.23
A48: PR47 | B48: LAFORET IMMOBILIER | C48: Mr | D48: Sébastien | E48: LEMEE | F48: 25 Rue des Rouairies | G48: 22100 | H48: DINAN | I48: 02.96.39.08.33 | J48: slemee-servicegestion@laforet.com | Q48: 36 Av du Gl GIRAUD | R48: RDC gauche | S48: 35800 DINARD
A49: PR48 | B49: SREM | C49: Mr | D49: David | E49: POLIXEME | F49: 21, Espace Jean Mantelet Bd de l'Espérence | G49: 14123 | H49: CORMELLES-LE-ROYAL | P49: Ets B PLAST | Q49: Rue du val | S49: 35520 MELESSE | T49: 06.70.47.57.09
A50: PR49 | B50: PIGEAULT IMMOBILIER | C50: Mr | D50: Charléric | E50: BANCHEREAU | F50: 25 rue de la monnaie | G50: 35000 | H50: RENNES | I50: 02.99.30.82.18 | J50: locationrennes@pigeaultimmobilier.fr | K50: SCI IAS | P50: Mr TRONTEL | Q50: 81 Rue d'Antrain | R50: appt 406 | S50: 35000 RENNES | T50: 06.13.24.36.77
A51: PR50 | B51: PIGEAULT IMMOBILIER | C51: Mme | D51: Sophie | E51: CHEREL | F51: 25 rue de la monnaie | G51: 35000 | H51: RENNES | I51: 02.99.30.82.18 | J51: locationrennes@pigeaultimmobilier.fr | K51: Mme GREGOIRE | L51: 18 rue des Missionnaires | M51: 78000 VERSAILLES | N51: 06.86.48.71.42 | O51: arlette.gregoire@yahoo.fr | Q51: 23 rue de l'échange | R51: Maison individuelle | S51: 35000 RENNES
A52: PR51 | B52: REZOLUTION | C52: Mr | D52: Stéphane | E52: RENARD | F52: 23 Rue nationale | G52: 35190 | H52: TINTENIAC | I52: 02.23.25.16.45 | J52: contact@rezolution.info | K52: Mr RENARD | L52: 23 rue Nationale | M52: 35190 TINTENIAC | N52: 02.23.25.16.45 | P52: Mr RENARD | Q52: 23 Rue Nationale | R52: Magasin | S52: 35190 TINTENIAC | T52: 02.23.25.16.45
A53: PR52 | B53: LAFORET IMMOBILIER | C53: Mr | D53: Sébastien | E53: LEMEE | F53: 25 Rue des Rouairies | G53: 22100 | H53: DINAN | I53: 02.96.39.08.33 | J53: slemee-servicegestion@laforet.com | K53: Mr & Mme JOSSELIN | L53: 25 rue des Rouairies | M53: 22100 DINAN | Q53: 9, Residence de la Pommerais | R53: Maison individuelle | S53: 22100 QUEVERT
A54: PR53 | C54: Mr & Mme | E54: JEANNE | F54: 36 rue Nationale | G54: 35190 | H54: St DOMINEUC | I54: 02.99.45.21.18 | K54: Mr & Mme JEANNE | L54: 36 rue Nationale | M54: 35190 ST DOMINEUC | N54: 02.99.45.21.18 | Q54: 36 rue Nationale | R54: Maison individuelle | S54: 35190 ST DOMINEUC
A55: PR54 | B55: PIGEAULT IMMOBILIER | C55: Mr | D55: Charléric | E55: BANCHEREAU | F55: 25 rue de la monnaie | G55: 35000 | H55: RENNES | I55: 02.99.30.82.18 | J55: locationrennes@pigeaultimmobilier.fr | K55: Mr LEMARCHAND Maxime | P55: Mlle BATTAIS | Q55: 14 rue du Dr Yves Louvigné | R55: Appt 472 | S55: 35000 RENNES | T55: 06.79.90.44.44
A56: PR55 | C56: Mr & Mme | E56: JEANNE | F56: 36 rue Nationale | G56: 35190 | H56: St DOMINEUC | I56: 02.99.45.21.18 | J56: paschrit-otl@hotmail.fr | K56: Mr & Mme JEANNE | L56: 36 rue Nationale | M56: 35190 ST DOMINEUC | N56: 02.99.45.21.18 | O56: paschrit-otl@hotmail.fr | P56: BOULANGERIE | Q56: 36 rue Nationale | R56: Magasin | S56: 35190 ST DOMINEUC | T56: 02.99.45.21.18
A57: PR56 | B57: EXA GESTION | C57: Mme | D57: Céline | E57: RAULT | F57: 92 Rue de St Hélier | G57: 35000 | H57: RENNES | I57: 02.23.40.00.00 | J57: syndic@exa-gestion.com | P57: COPROPRIETE | Q57: 7 Rue de la Santé | R57: Hall & Cage d'escalier | S57: 35000 RENNES | T57: 02.23.40.00.00
A58: PR57 | B58: PIGEAULT IMMOBILIER | C58: Mr | D58: Charléric | E58: BANCHEREAU | F58: 25 rue de la monnaie | G58: 35000 | H58: RENNES | I58: 02.99.30.82.18 | J58: locationrennes@pigeaultimmobilier.fr | K58: Mr MALOUINES Philippe | P58: Mlle RENAULT | Q58: 1 Rue Aiméé Antignac | R58: Appt 207 | S58: 35000 RENNES | T58: 06.79.90.44.44
A59: PR58 | C59: Mr | D59: Jean-Yves | E59: BUSNEL | F59: launay godin | G59: 35190 | H59: TINTENIAC | I59: 06.23.16.16.95 | K59: Mr BUSNEL | Q59: 97 Rue de Rennes | S59: 35341 LIFFRE
A60: PR59 | B60: BARON IMMOBILIER | C60: Mr | D60: Jean-Paul | E60: BARON | F60: 12 Place du bas des Lices | G60: 35000 | H60: RENNES | I60: 02.99.30.05.61 | J60: baron.immobilier@wanadoo.fr | K60: Mr PIC & Mme TRAPU | L60: 37, Quai de l'Ourcq | M60: 93500 PANTIN | N60: 06.87.96.00.62 | O60: chan_007@hotmail.fr | P60: Disponible | Q60: 14b Rue de Plaisance | R60: 1er étage | S60: 35000 RENNES
A61: PR60 | B61: PIGEAULT IMMOBILIER | C61: Mme | D61: Sophie | E61: CHEREL | F61: 25 rue de la monnaie | G61: 35000 | H61: RENNES | I61: 02.99.30.82.18 | J61: locationrennes@pigeaultimmobilier.fr | K61: Mme KERMARC Monique | L61: 23 route de Guelebara | M61: 29410 ST THEGONNEC | N61: 06.80.43.26.83 | O61: kermarc.monique@orange.fr | P61: Mme HANNHART | Q61: 11 Rue d'écahnge | R61: appt B003 | S61: 35000 RENNES | T61: 06.71.74.55.39
A62: PR61 | B62: Cheminées COLLARD | F62: ZA la Morandais | G62: 35190 | H62: TINTENIAC | I62: 02.99.45.47.34 | J62: rdoussal@orange.fr | K62: Mr & Mme SOYER | L62: Le champs Breton | M62: 35630 LES IFFS | N62: 06.09.67.44.55 | P62: Mr & Mme SOYER | Q62: Le champs Breton | R62: Maison individuelle | S62: 35630 LES IFFS | T62: 06.09.67.44.55
A63: PR62 | C63: Mme | D63: Christine | E63: PLEVIN | F63: 2 Rue de Melesse | G63: 35720 | H63: COMBOURG | K63: Mme PLEVIN Christine | L63: 2 Rue de Melesse | M63: 35720 COMBOURG | P63: Mme PINAULT | Q63: Rue des Jasmins | R63: appart | S63: 35190 TINTENIAC | T63: 06.70.33.96.11
A64: PR63 | B64: LFI MORDELLES | C64: Mme | D64: Sophie | E64: QUEDRU | F64: 9 Place Saint Pierre | G64: 35310 | H64: MORDELLES | I64: 03.23.25.42.44 | J64: mordelles@francaiseimmo.fr | Q64: 38 Rue Yvas Jean Tupin | R64: Maison individuelle | S64: 35170 BRUZ
A65: PR64 | C65: Mme | D65: Nicole | E65: BARREL | F65: 2 Le Grand Bois | G65: 35190 | H65: QUEBRIAC | I65: 02.99.23.08.91 | K65: Mme BARREL | L65: 2 Le Grand Bois | M65: 35190 QUEBRIAC | N65: 02.99.23.08.91 | P65: Mme BARREL | Q65: 2 Le Grand Bois | R65: Maison individuelle | S65: 35190 QUEBRIAC | T65: 02.99.23.08.91
A66: PR65 | B66: AGENCE COGIR | D66: Diane | F66: 5 Rue Lafayette | G66: 35000 | H66: RENNES | K66: 201612270000497 | P66: Mr LLADERES Sascha | Q66: 26, rue Noël Blayau | R66: RDC B01 | S66: 35000 RENNES | T66: 06.33.06.19.23
A67: PR66 | B67: AGENCE COGIR | C67: Mr | D67: Bastien | E67: CHEVAL | F67: 5 Rue Lafayette | G67: 35000 | H67: RENNES | I67: 06.71.00.35.39 | J67: bastien.cheval@cogir.fr | K67: 20170111000528 | P67: Mlle GAROT Julia | Q67: 10 rue des plantes | R67: RDC droit 542 | S67: 35000 RENNES | T67: 07.63.40.77.89
A68: PR67 | B68: Société GLORY | C68: Mr | D68: Jérôme | E68: GLORY | F68: 2, impasse du Tertre | G68: 35720 | H68: PLEUGUENEUC | I68: 02.99.69.40.69 | J68: jerome.glory@glory-injectionplastique.fr | K68: Mme GLORY | L68: 2, impasse du Tertre | M68: 35720 PLEUGUENEUC | N68: 02.99.69.40.69 | O68: jerome.glory@glory-injectionplastique.fr | Q68: 2, impasse du Tertre | R68: Usine | S68: 35720 PLEUGUENEUC
A69: PR68 | B69: COLLEGE THEOPHILE BRIANT | C69: Mme | D69: Mélody | E69: MALLE | F69: 21 avenue des Trente | G69: 35190 | H69: TINTENIAC | I69: 02.99.68.02.13 | J69: gestion.0350051r@ac-rennes.fr | P69: COLLEGE THEOPHILE BRIANT | Q69: 21 avenue des Trente | R69: COLLEGE | S69: 35190 TINTENIAC | T69: 02.99.68.02.13
A70: PR69 | B70: LAFORET IMMOBILIER | C70: Mr | D70: Sébastien | E70: LEMEE | F70: 25 Rue des Rouairies | G70: 22100 | H70: DINAN | I70: 02.96.39.08.33 | J70: slemee-servicegestion@laforet.com | K70: Mr & Mme GAUTIER | L70: 23 rue Lejamptel | M70: 35120 DOL de BRETAGNE | N70: 02.99.80.70.26 | P70: Mr & Mme PLAUD | Q70: 4 Marmerance | R70: Maison individuelle | S70: 35120 Dol de Bretagne | T70: 02.99.80.70.26
A71: PR70 | B71: MAIRIE DE TINTENIAC | C71: Mr | D71: Philippe | E71: PILLON | F71: 12 Rue Nationnale | G71: 35190 | H71: TINTENIAC | I71: 02.99.68.18.68 - 06.77.04.68.95 | J71: services.techniques@tinteniac.fr | K71: MAIRIE DE TINTENIAC | L71: 12 Rue Nationnale | M71: 35190 TINTENIAC | P71: Salle de sport de Tinténiac | Q71: Bd Tristan Corbière | R71: Salle de sport | S71: 35190 TINTENIAC | T71: 02.99.68.18.68 - 06.77.04.68.95
A72: PR71 | B72: PIGEAULT IMMOBILIER | C72: Mme | D72: Carole | E72: MARAIS | F72: 25 rue de la monnaie | G72: 35000 | H72: RENNES | I72: 02.99.30.82.18 | J72: locationrennes@pigeaultimmobilier.fr | K72: Mr & Mme PRISER Patrick | L72: Impasse du panorama | M72: 22730 TREGASTEL | P72: Mr PRODHOMME & Mlle BEAULAN | Q72: 3 Rue Motte Fablet | R72: 1er étage droit porte gauche | S72: 35000 RENNES | T72: 06.68.15.03.48 - 06.98.12.85.92
A73: PR72 | B73: SCI DE ROCHEVAL | C73: Mr & Mme | E73: ROLAND | F73: La Lande | G73: 35460 | H73: TREMBLAY | I73: 06.08.42.20.39 | J73: verminieredelouest@wanadoo.fr | K73: SCI DE ROCHEVAL | L73: La Lande | M73: 35460 TREMBLAY | N73: 06.08.42.20.39 | P73: Libre | Q73: 182 Rue de St Malo | R73: 2ème gauche n°213 | S73: 35000 RENNES | T73: 06.08.42.20.39
A74: PR73 | B74: PIGEAULT IMMOBILIER | C74: Mr | D74: Charléric | E74: BANCHEREAU | F74: 25 rue de la monnaie | G74: 35000 | H74: RENNES | I74: 02.99.30.82.18 | J74: locationrennes@pigeaultimmobilier.fr | K74: Mr LONGY Nicolas | P74: Mr LAINE | Q74: 11 rue Surcouf | R74: appt A32 | S74: 35000 RENNES | T74: 06.20.23.92.32
A75: PR74 | B75: MAIRIE DE TINTENIAC | C75: Mr | D75: Philippe | E75: PILLON | F75: 12 Rue Nationnale | G75: 35190 | H75: TINTENIAC | I75: 02.99.68.18.68 - 06.77.04.68.95 | J75: services.techniques@tinteniac.fr | K75: MAIRIE DE TINTENIAC | L75: 12 Rue Nationnale | M75: 35190 TINTENIAC | P75: Ecole maternelle | Q75: rue René Guy Cadou | S75: 35190 TINTENIAC | T75: 02.99.68.18.68 - 06.77.04.68.95
A76: PR75 | C76: Mme | E76: Morvan | F76: 7 chemin cour à dehors | G76: 35190 | H76: TINTENIAC | I76: 02.99.68.12.67 | K76: Mme MORVAN | L76: 7 chemin cour à dehors | M76: 35190 TINTENIAC | N76: 02.99.68.12.67 | P76: Mme MORVAN | Q76: 7 chemin cour à dehors | R76: Maison individuelle | S76: 35190 TINTENIAC | T76: 02.99.68.12.67
A77: PR76 | B77: MAIRIE DE TINTENIAC | C77: Mr | D77: Philippe | E77: PILLON | F77: 12 Rue Nationnale | G77: 35190 | H77: TINTENIAC | I77: 02.99.68.18.68 - 06.77.04.68.95 | J77: services.techniques@tinteniac.fr | K77: MAIRIE DE TINTENIAC | L77: 12 Rue Nationnale | M77: 35190 TINTENIAC | P77: Salle DOJO | Q77: Bd Tristan Corbière | R77: Salle de sport | S77: 35190 TINTENIAC
A78: PR77 | B78: PIGEAULT IMMOBILIER | C78: Mr | D78: Charléric | E78: BANCHEREAU | F78: 25 rue de la monnaie | G78: 35000 | H78: RENNES | I78: 02.99.30.82.18 | J78: locationrennes@pigeaultimmobilier.fr | K78: Mme GLOANEC | P78: Mlle CARODET | Q78: 24 BD Solférino | R78: appt233 6éme étage | S78: 35000 RENNES | T78: 07.50.46.58.52
A79: PR78 | C79: Mr | D79: ALBERT | E79: CRUBLE | F79: 11 rue René Louis Gallouedec | G79: 35700 | H79: RENNES | I79: 06.99.01.30.75 | J79: albert.cruble@gmail.com | K79: Mr CRUBLE Albert | L79: 11 rue René Louis Gallouedec | M79: 35700 RENNES | N79: 06.99.01.30.75 | O79: albert.cruble@gmail.com | Q79: 161 Bd Eugène Pottier | R79: 3ème Droit | S79: 35000 RENNES
A80: PR79 | B80: BARON IMMOBILIER | C80: Mr | D80: Jean-Paul | E80: BARON | F80: 12 Place du bas des Lices | G80: 35000 | H80: RENNES | I80: 02.99.30.05.61 | J80: baron.immobilier@wanadoo.fr | K80: Mr & Mme BARON | L80: 10 Bd Alexis Carel | M80: 35000 RENNES | N80: 06.60.90.70.43 | O80: baron.immobilier@wanadoo.fr | P80: Mr & Mme BARON | Q80: 10 Bd Alexis Carel | R80: Maison individuelle | S80: 35000 RENNES | T80: 02.99.30.05.61-06.60.90.70.43
A81: PR80 | C81: Mr | D81: Louis | E81: ROCHEFORT | F81: 11 Rue papejault | G81: 35190 | H81: TINTENIAC | I81: 02.99.68.13.78 | J81: rochefort.louis@orange.fr | K81: Mr ROCHEFORT | L81: 11 Rue papejault | M81: 35190 TINTENIAC | N81: 02.99.68.13.78 | O81: rochefort.louis@orange.fr | P81: Mme CHAUVIN Marie | Q81: 30 Av des trente | R81: Appt N°7 RDC droit | S81: 35190 TINTENIAC | T81: 02.99.23.08.58
A82: PR81 | C82: Mr | D82: Jean | E82: HEUZE | F82: 2C rue du stade | G82: 35190 | H82: St DOMINEUC | I82: 02.99.45.35.64 | J82: jean.heuze086@orange.fr | K82: Mr HEUZE Jean | L82: 2C rue du stade | M82: 35190 ST DOMINEUC | N82: 02.99.45.35.64 | O82: jean.heuze086@orange.fr | Q82: 24 bis route Nationale | S82: 35190 St DOMINEUC | T82: 02.99.45.35.64
A83: PR82 | B83: Agence LFI St Grégoire | C83: Mme | D83: Laurence | E83: CARRET | F83: 1 bis rue Alphonse Milon | G83: 35760 | H83: ST GREGOIRE | I83: 02.23.25.42.46
A84: PR83 | C84: Mr | E84: BRIOT | F84: 20 Rue de trelat | G84: 35190 | H84: TRIMER | I84: 02.99.23.07.32 | J84: c-briot@orange.fr | K84: Mr BRIOT | L84: 20 Rue de trelat | M84: 35190 TRIMER | N84: 02.99.23.07.32 | P84: Mr VASST | Q84: 15 Rue Zachari Roussin | R84: Maison individuelle | S84: 35190 TINTENIAC
A85: PR84 | C85: Mr | E85: JANVIER | F85: 3 jardin des ransonniers | G85: 35520 | H85: St SULPICE LA FORÊT | I85: 06.18.17.17.08 | J85: janviermartin8478@gmail.com | K85: Mr JANVIER | L85: 3 jardin des ransonniers | M85: 35520 St SULPICE LA FORÊT | N85: 06.18.17.17.08 | P85: Mr JANVIER | Q85: 3 jardin des ransonniers | R85: Maison individuelle | S85: 35520 St SULPICE LA FORÊT | T85: 06.18.17.17.08
A86: PR85 | B86: PIGEAULT IMMOBILIER | C86: Mme | D86: Sophie | E86: CHEREL | F86: 25 rue de la monnaie | G86: 35000 | H86: RENNES | I86: 02.99.30.82.18 | J86: locationrennes@pigeaultimmobilier.fr | K86: Mr St MARC Etienne | N86: 06.45.33.62.41 | O86: e-saintmarc@gmail.com | P86: Libre | Q86: 9 rue Fernand Robert | R86: Apprt A 106 1er etage gauche | S86: 35000 RENNES
A87: PR86 | C87: Mr | D87: Gilles | E87: LE BOUAR | F87: 22 Rue du val beaupré | G87: 56000 | H87: VANNES | I87: 06.44.07.10.91 | J87: gilles.lebouar@outlook.fr | K87: Mr LE BOUAR | L87: 22 Rue du val beaupré | M87: 56000 VANNES | N87: 06.44.07.10.91 | O87: gilles.lebouar@outlook.fr | P87: Libre | Q87: 6 Rue François Menez | R87: Appt 32 3ème étage | S87: 35000 RENNES
A88: PR87 | C88: Mr | D88: ALBERT | E88: CRUBLE | F88: 11 rue René Louis Gallouedec | G88: 35700 | H88: RENNES | I88: 06.99.01.30.75 | J88: albert.cruble@gmail.com | K88: Mr CRUBLE Albert | L88: 11 rue René Louis Gallouedec | M88: 35700 RENNES | N88: 06.99.01.30.75 | O88: albert.cruble@gmail.com | P88: Mr & Mme PONTIS | Q88: 6 rue Francis Gapihan | R88: Maison individuelle | S88: 35520 LA CHAPELLE DES FOUGERETZ
A89: PR88 | C89: Mr & Mme | D89: François | E89: BUSNEL | F89: La Hardouinais | G89: 35190 | H89: Miniac sous Becherel | I89: 02.99.45.87.61 | K89: Mr & MmE BUSNEL | L89: La Hardouinais | M89: 35190 Miniac sous Becherel | N89: 02.99.45.87.61 | P89: Mr & MmE BUSNEL | Q89: La Hardouinais | S89: 35190 Miniac sous Becherel
A90: PR89 | B90: DM2C | C90: Mr | D90: Benjamin | E90: PRODHOMME | F90: 13 Rue de Cezembre | G90: 35530 | H90: Servon sur Vilaine | I90: 06.29.02.22.51 | J90: dm2c.entreprise@gmail.com | K90: DM2C | L90: 13 Rue de Cezembre | M90: 35530 Servon sur Vilaine | N90: 06.29.02.22.51 | P90: RESTAURANT Mr DOYEN | Q90: 16 Rue Nantaise | R90: Restaurant | S90: 35000 RENNES
A91: PR90 | B91: CHENIL DE MARLY | C91: Mr & Mme | E91: GOISBEAU | F91: La Gahannais | G91: 35190 | H91: CARDROC | I91: 02.99.45.83.01 | J91: claude.goisbeau@wanadoo.fr | K91: Mr & Mme GOISBEAU | L91: La Gahannais | M91: 35190 CARDROC | N91: 02.99.45.83.01 | P91: Mr & Mme GOISBEAU | Q91: La Gahannais | R91: Maison individuelle | S91: 35190 CARDROC | T91: 02.99.45.83.01
A92: PR91 | B92: AGENCE COGIR | C92: Mr | D92: Bastien | E92: CHEVAL | F92: 5 Rue Lafayette | G92: 35000 | H92: RENNES | I92: 06.71.00.35.39 | J92: bastien.cheval@cogir.fr | K92: Mme HESLAN | M92: 35000 RENNES | P92: Mme HESLAN | Q92: 2 Square Alain Fergent | R92: 2ème étage en face droit | S92: 35000 RENNES
A93: PR92 | B93: PIGEAULT IMMOBILIER | C93: Mr | D93: Charléric | E93: BANCHEREAU | F93: 25 rue de la monnaie | G93: 35000 | H93: RENNES | I93: 02.99.30.82.18 | J93: locationrennes@pigeaultimmobilier.fr | K93: Mr GUINARD Hervé | P93: Mlle SIMON-VARIN | Q93: 140 route de Lorient | R93: 2ème étage gauche | S93: 35000 RENNES | T93: 06.73.70.58.36
A94: PR93 | C94: Mr | D94: William | E94: COSTA | F94: 10 Domaine des chênes | G94: 35190 | H94: ST DOMINEUC | I94: 06.12.25.50.97 | J94: costa_583@hotmail.com | K94: Mr COSTA | L94: 15 Boulevard d'Anjou | M94: 35700 RENNES | N94: 06.12.25.50.97 | P94: Libre | Q94: 15 Boulevard d'Anjou | R94: 1er Etage droit | S94: 35700 RENNES | T94: 06.12.25.50.97
A95: PR94 | C95: Mr & Mme | E95: PENN | F95: 21 Rue d'échange | G95: 35000 | H95: RENNES | I95: 06.04.19.81.22 | K95: Mr & Mme PENN | L95: 21 Rue d'échange | M95: 35000 RENNES | N95: 06.04.19.81.22 | P95: Mr & Mme PENN | Q95: 21 Rue d'échange | R95: Maison individuelle | S95: 35000 RENNES
A96: PR95 | C96: Mr & Mme | D96: Yannick | E96: JEULAND | F96: 7 Fersac | G96: 35270 | H96: MEILLAC | I96: 06.68.20.43.01 | J96: marinayannick@wanadoo.fr | K96: Mr & Mme JEULAND | L96: 7 Fersac | M96: 35270 MEILLAC | N96: 06.68.20.43.01 | O96: marinayannick@wanadoo.fr | P96: Mr & Mme JEULAND | Q96: 7 Fersac | R96: Maison individuelle | S96: 35270 MEILLAC | T96: 06.68.20.43.01
A97: PR96 | B97: ENTREPRISE R&D Rénovation | C97: Mr | D97: Philippe | E97: RICOLLEAU | F97: 7 Rue de l'ille | G97: 35630 | H97: VIGNOC | I97: 06.51.74.50.57 | J97: ent.renov@yahoo.fr | Q97: Le placis des noës | R97: Maison individuelle | S97: 35520 MONTREUIL LE GAST
A98: PR97 | B98: Agence Concep Immo Breizh | D98: Lydie | E98: SOQUET | F98: 2 rue Poullain Duprac | G98: 35000 | H98: RENNES | I98: 02.99.34.67.84 - 06.79.55.72.32 | J98: concept.immo.breizh35@orange.fr | K98: Mme DELEPINE | M98: 35000 RENNES | P98: Libre | Q98: 121 AV Fréville | R98: appt 2ème droit | S98: 35000 RENNES
A99: PR98 | C99: Mr & Mme | D99: Francis | E99: GESLIN | F99: 18 rue de Bruxelle | G99: 35130 | H99: LA GUERCHE DE BRETAGNE | I99: 02.99.96.25.29 - 06.17.38.62.09 | J99: geslin.franco@outlook.fr | K99: Mr & Mme GESLIN | L99: 18 rue de Bruxelle | M99: 35130 LA GUERCHE DE BRETAGNE | N99: 02.99.96.25.29 - 06.17.38.62.09 | O99: geslin.franco@outlook.fr | Q99: 3 Rue la motte fablet | R99: appt 1er étage | S99: 35000 RENNES
A100: PR99 | C100: Mr | D100: David | E100: TULOUP | F100: La Cour es Dauvet | G100: 35190 | H100: TINTENIAC | I100: 06.74.13.46.08 | K100: Mr TULOUP | L100: La Cour es Dauvet | M100: 35190 TINTENIAC | N100: 06.74.13.46.08 | Q100: 1 rue Françoise Leroux | R100: Maison individuelle | S100: 35190 TINTENIAC
...

Sheet Fiche Prospect
G2: Date :
F4: Fiche de renseignements
F7: Prospect :
F8: Adresse :
F9: Code Postal :
F10: Ville :
A13: Professionnel | F13: Particulier
A16: Responsable et interlocuteur : | F16: Responsable et interlocuteur :
A17: Tél : | F17: Tél :
A18: Portable : | F18: Portable :
A19: Mail : | F19: Mail :
A20: Service comptabilité
A21: Tél : | F21: Maison :
A22: Portable : | F22: Appartement :
A23: Mail : | F23: Nombre de pièce :
A24: Service Commercial
A25: Tél : | F25: Faire un diagnostic :
A26: Portable : | F26: Programmer :
A27: Mail :
F28: Faire un devis :
A29: Nombre de logements gérés : | F29: Programmer :
A30: CA :
A31: Remise de carte de viste : | F31: Remise de carte de viste :
A32: Remise de la plaquette : | F32: Remise de la plaquette :
A33: Prospect a relancer : | F33: Prospect a relancer :
A34: Première impression : | F34: Première impression :
A36: Observations : | F36: Observations :

Sheet Client
A1: Prospect | B1: Agence | C1: Civilité | D1: Prénom | E1: Nom | F1: adresse | G1: CP | H1: ville | I1: téléphone | J1: Email | K1: Propriétaire | L1: Adresse | M1: Ville | N1: Téléphone | O1: Mail | P1: Locataire | Q1: Adresse | R1: Appart | S1: Ville | T1: Téléphone | U1: DEVIS | V1: DATE | W1: FACTURE | X1: DATE
A2: PR1 | B2: PIGEAULT IMMOBILIER | C2: Mr | D2: Charléric | E2: BANCHEREAU | F2: 25 rue de la monnaie | G2: 3500 | H2: RENNES | I2: 02.99.30.82.18 | J2: locationrennes@pigeaultimmobilier.fr
A3: PR2 | B3: ST ELOI PATRIMOINE | C3: Mr | E3: ROSPARS | F3: 45 Rue du Gl de GAULLE | G3: 35360 | H3: MONTAUBAN de BRETAGNE | I3: 02.99.06.32.32 | J3: sainteloipatrimoine@wanadoo.fr | P3: Mr & Mme GADIR | Q3: 7 place du parlement | R3: 2ème | S3: 35000 RENNES
A4: PR3 | B4: LFI LA FRANCAISE IMMOBILIERE | C4: Mme | D4: Elodie | E4: GOUDET | F4: 28 Bd de la Liberté | G4: 35040 | H4: RENNES | I4: 02.23.25.42.21 | J4: rennescleunay@francaiseimmo.fr | Q4: 70 bd de la guéninais | R4: 3ème | S4: 35000 RENNES
A5: PR4 | B5: BIZEUL IMMOBILIER | C5: Mr | D5: Christophe | E5: BIZEUL | F5: 74 chaussée du Sillon | G5: 35400 | H5: ST MALO | I5: 06.07.17.43.84 | J5: chistophe@bizeul.biz
A6: PR5 | C6: Mme | D6: Roselyne | E6: BEAUVALLET | F6: 7 Domaine de la cote noir | G6: 92500 | H6: RUEIL MALMAISON | K6: Mme BEAUVALLET | L6: 7 Domaine de la cote noir | M6: 92500 RUEIL MALMAISON | P6: Mme BEAUVALLET &PIERRE | Q6: 49 rue Marçais Martin | S6: 35000 RENNES
A7: PR6 | B7: BARON IMMOBILIER | C7: Mr | D7: Jean-Paul | E7: BARON | F7: 12 Place du bas des Lices | G7: 35000 | H7: RENNES | I7: 02.99.30.05.61 | J7: baron.immobilier@wanadoo.fr | K7: Mme ROBIC Adrienne | L7: 22 rue du stade | M7: 56480 CLEGUEREC | N7: 02.97.38.07.67 | P7: Mme KERMARREC | Q7: 45 Av du Mail François Mitterrand | R7: 4 ème | S7: 35000 RENNES | T7: 06.83.52.33.64
A8: PR7 | C8: Mr | D8: Christian | E8: DANIEL
A9: PR8 | B9: LA FRANCAISE IMMOBILIERE | C9: Mme | D9: Laurence | E9: CARRET | H9: ST GREGOIRE
A10: PR9 | C10: Mme / Mr | D10: René | E10: ROUX | F10: 26 Rue Julien Geoffroy | G10: 35000 | H10: RENNES | I10: 06.85.39.48.05 / 06.62.27.58.30
A11: PR10 | C11: Mme / Mr | D11: Patrick | E11: CROSNIER | F11: 4 av Félicité de Lamennais | G11: 35190 | H11: TINTENIAC | I11: 02.99.68.04.71
A12: PR11 | C12: Mme / Mr | E12: FONTAINE | F12: 13 Rue de Flandre | G12: 35135 | H12: CHANTEPIE | I12: 02.99.77.38.43 - 06.24.62.84.69 | J12: lajpfontaine@cgtel.net | K12: Mr & Mme FONTAINE | L12: 13 Rue de Flandre | M12: 35135 CHANTEPIE | N12: 02.99.77.38.43 - 06.24.62.84.69 | T12: 02.99.77.38.43 - 06.24.62.84.69
A13: PR12 | B13: LAFORET IMMOBILIER | C13: Mr | D13: Sébastien | E13: LEMEE | F13: 25 Rue des Rouairies | G13: 22100 | H13: DINAN | I13: 02.96.39.08.33 | J13: slemee-servicegestion@laforet.com | K13: LE MEUR | L13: 23 rue Lejamptel | M13: 35120 DOL de BRETAGNE | P13: SALAUN | Q13: 11 Rés du Bellanger | R13: 28 | S13: 35120 Dol de Bretagne | T13: 06.59.56.90.73
A14: PR13 | C14: Mr | D14: Qentin | E14: NEVEU | F14: 127 Rue d'Antrain | G14: 35000 | H14: RENNES | I14: 06.20.80.19.62 | J14: achat@quentinneveu.fr | K14: Mr DURAND | P14: Mr NEVEU | Q14: 127 Rue d'Antrain | S14: 35000 RENNES | T14: 06.20.80.19.62
A15: PR14 | B15: CASINO GROUPE BARRIERE | C15: Mr | D15: Christophe | E15: OZANE | F15: 4 bd Prés WILSSON | G15: 35800 | H15: DINARD | I15: 06.74.95.08.15 | J15: cozane@groupebarriere.com | P15: CASINO GROUPE BARRIERE | Q15: 4 bd Prés WILSSON | S15: 35800 DINARD
A16: PR15 | C16: Mr | D16: Thierry | E16: LEROUX | F16: 8 Rue des genets | G16: 22350 | H16: CAULNES | I16: 06.41.97.78.33 | J16: leroux_thierry@yahoo.fr | K16: Mr LEROUX | L16: 8 Rue des genets | M16: 22350 CAULNES | N16: 06.41.97.78.33 | O16: leroux_thierry@yahoo.fr | Q16: 2 Rés ter trente | R16: RDC droit | S16: 35190 TINTENIAC
A17: PR16 | C17: Mme | D17: Marie Françoise | E17: DAVID | F17: 1 Rue HAMON | G17: 35000 | H17: RENNES | I17: 06.43.55.15.23 | J17: mariedavid35@hotmail.com | K17: Mme DAVID | L17: 1 Rue HAMON | M17: 35000 RENNES | N17: 06.43.55.15.23 | O17: mariedavid35@hotmail.com | P17: BOULANGER | Q17: 33 Aurélie Nemours | R17: 2ème étage | S17: 35000 RENNES
A18: PR17 | B18: SCI DU FOUR | C18: Mr | D18: Bruno | E18: CAMUS | F18: 8 Rue du four | G18: 35630 | H18: HEDE | I18: 06.19.72.28.54 | J18: b-cam@orange.fr | K18: Mr CAMUS | L18: 8 Rue du four | M18: 35630 HEDE | N18: 06.19.72.28.54 | P18: Mr CAMUS | Q18: 8 Rue du four | S18: 35630 HEDE | T18: 06.19.72.28.54
A19: PR18 | C19: Mr | D19: Jean | E19: LEMEE | F19: 6 Square de Lettonie | G19: 35000 | H19: RENNES | I19: 02.99.50.03.94 | P19: Mr LEMEE | Q19: 6 Square de Lettonie | S19: 35000 RENNES
A20: PR19 | B20: AGENCE COGIR | C20: Mr | D20: Franck | E20: MAUSSION | F20: 5 Rue Lafayette | G20: 35000 | H20: RENNES | I20: 06.70.88.77.31 | J20: franck.maussion@cogir.fr | P20: 20160721000163-PRIME | Q20: 11b, Rue Adolphe Leray | R20: 02.99.54.18.76 | S20: 35000 RENNES
A21: PR20 | B21: AGENCE COGIR | C21: Mr | D21: Franck | E21: MAUSSION | F21: 5 Rue Lafayette | G21: 35000 | H21: RENNES | I21: 06.70.88.77.31 | J21: franck.maussion@cogir.fr | P21: 20150420019843-GUERINEL | Q21: 36 Allée du Gacet | R21: RDC droit | S21: 35000 RENNES
A22: PR21 | B22: AGENCE COGIR | C22: Mr | D22: Bastien | E22: CHEVAL | F22: 5 Rue Lafayette | G22: 35000 | H22: RENNES | I22: 06.71.00.35.39 | J22: bastien.cheval@cogir.fr | P22: 20160920000292-HEUDRE | Q22: 15, place des Lices | R22: 5ème droit | S22: 35000 RENNES | T22: 06.12.39.92.14
A23: PR22 | C23: Mr / Mme | D23: Jean-Claude | E23: GILET | F23: 5 Rue Libération | G23: 35190 | H23: TINTENIAC | I23: 02.99.54.92.47 - 06.66.05.73.84 | K23: Mr & Mme GILET | L23: 5 Rue Libération | M23: 35190 TINTENIAC | N23: 02.99.54.92.47 - 06.66.05.73.84 | P23: Mr & Mme GILET | S23: 35850 PARTHENAY de BRETAGNE
A24: PR23 | C24: Mme | D24: Carole | E24: CROVETTO | F24: La haute Landelle | G24: 35190 | H24: TINTENIAC | I24: 06.77.73.80.18 | J24: carole.crovetto@gmail.com | K24: Mme CROVETTO | L24: La haute Landelle | M24: 35190 TINTENIAC | N24: 06.77.73.80.18 | P24: Mr GUIGNARD | Q24: La haute Landelle | R24: Maison individuelle | S24: 35190 TINTENIAC | T24: 06.71.58.19.25
A25: PR24 | C25: Mr | D25: Jean-Yves | E25: BUSNEL | F25: launay godin | G25: 35190 | H25: TINTENIAC | I25: 06.23.16.16.95 | K25: Mr BUSNEL | L25: launay godin | M25: 35190 TINTENIAC | N25: 06.23.16.16.95 | Q25: La grassaie | S25: 35190 St DOMINEUC
A26: PR25 | C26: Mr | D26: PILLON | E26: Service technique | F26: Rue nationale | G26: 35190 | H26: TINTENIAC | I26: 06.77.04.68.95 | J26: services.techniques@tinteniac.fr | K26: Mairie | L26: Rue Nationale | M26: 35190 TINTENIAC | N26: 02.99.68.03.77 | O26: services.techniques@tinteniac.fr | P26: Presbytère | Q26: 5 Rue du puit Roubidou | S26: 35190 TINTENIAC | T26: 02.99.68.03.77
A27: PR26 | C27: Mr | D27: Jean | E27: DURAND | F27: 29 bd dezerseul | G27: 35510 | H27: CESSON SEVIGNE | I27: 02.99.83.39.87 | J27: jean.durand252@orange.fr | K27: Mr DURAND | L27: 29 bd dezerseul | M27: 35510 CESSON SEVIGNE | N27: 02.99.83.39.87 | P27: Mr NEVEU | Q27: 27 Rue d'antrain | S27: 35000 RENNES
A28: PR27 | B28: AGENCE COGIR | C28: Mr | D28: Franck | E28: MAUSSION | F28: 5 Rue Lafayette | G28: 35000 | H28: RENNES | I28: 06.70.88.77.31 | J28: franck.maussion@cogir.fr | P28: 201607719000158-DELAGARDE | Q28: 15 Place St Anne | R28: 2ème droit | S28: 35000 RENNES | T28: 06.73.44.66.23
A29: PR28 | B29: PIGEAULT IMMOBILIER | C29: Mr | D29: Charléric | E29: BANCHEREAU | F29: 25 rue de la monnaie | G29: 35000 | H29: RENNES | I29: 02.99.30.82.18 | J29: locationrennes@pigeaultimmobilier.fr | K29: Mr FOUSAGRIVE | P29: Mme DUCRET | Q29: 81 Rue d'Antrain | R29: Les Bastides A201 | S29: 35000 RENNES | T29: 06.11.27.37.46
A30: PR29 | B30: PIGEAULT IMMOBILIER | C30: Mr | D30: Charléric | E30: BANCHEREAU | F30: 25 rue de la monnaie | G30: 35000 | H30: RENNES | I30: 02.99.30.82.18 | J30: locationrennes@pigeaultimmobilier.fr | K30: Mr & Mme MOISAN | P30: Mr FIEVRE | Q30: 11 Rue Surcouf | R30: N°56 | S30: 35000 RENNES | T30: 06.19.33.77.21
A31: PR30 | B31: SCANN IMAGE | C31: Mr | E31: EDET | F31: 8 Rue Erbonière | G31: 35510 | H31: CESSON SEVIGNE | I31: 02.99.26.12.00 | J31: isa.persehaie@yahoo.fr | K31: Mr EDET | L31: 8 Rue Erbonière | M31: 35510 CESSON SEVIGNE | N31: 02.99.26.12.00 | O31: isa.persehaie@yahoo.fr | P31: Mr EDET | Q31: 8 Rue Erbonière | S31: 35510 CESSON SEVIGNE | T31: 02.99.26.12.00
A32: PR31 | B32: BARON IMMOBILIER | C32: Mr | D32: Jean-Paul | E32: BARON | F32: 12 Place du bas des Lices | G32: 35000 | H32: RENNES | I32: 02.99.30.05.61 | J32: baron.immobilier@wanadoo.fr | P32: Mr Bretteville Mlle Scott | Q32: 3 Rue Château Renault | R32: 1er droit | S32: 35000 RENNES | T32: 06.42.77.78.13 - 06.46.42.12.76
A33: PR32 | C33: Mr & Mme | D33: Philippe | E33: MAZURIER | F33: 23 Rue haut champs | G33: 35190 | H33: TINTENIAC | K33: Dr MAZURIER | L33: 13 Rue du haut champ | M33: 35190 TINTENIAC | P33: Mr DUBO | Q33: 32 Av des trente | S33: 35190 TINTENIAC | T33: 06.61.43.06.02
A34: PR33 | C34: Mr | E34: COSTA | I34: 06.12.25.50.97 | J34: costa_583@hotmail.com | K34: Mr COSTA | N34: 06.12.25.50.97 | O34: costa_583@hotmail.com | Q34: 11Bis Rue du Clos de justice | S34: 35190 TINTENIAC
A35: PR34 | B35: PIGEAULT IMMOBILIER | C35: Mme | D35: Carole | E35: MARAIS | F35: 25 rue de la monnaie | G35: 35000 | H35: RENNES | I35: 02.99.30.82.18 | J35: locationrennes@pigeaultimmobilier.fr | P35: Mme KERVENO | Q35: 6 Rue St Martin | R35: C208 | S35: 35510 CESSON SEVIGNE | T35: 06.11.27.37.46
A36: PR35 | B36: PIGEAULT IMMOBILIER | C36: Mme | D36: Carole | E36: MARAIS | F36: 26 rue de la monnaie | G36: 3500110 | H36: RENNES | I36: 02.99.30.82.19 | J36: locationrennes@pigeaultimmobilier.fr
A37: PR36 | B37: AGENCE BIZEUL | C37: Mr | D37: Stéphane | E37: RONDELLE | F37: 74 chaussée du Sillon | G37: 35400 | H37: ST MALO | J37: s.ronde@bizeulimmobilier.com | Q37: 10 reu des Français libre | S37: 35800 DINARD
A38: PR37 | B38: COLLEGE ST JOSEPH | C38: Mme | E38: PROVOST | F38: 2 rue St Jean-Baptiste de la salle | G38: 35190 | H38: TINTENIAC | I38: 02.99.68.02.28 | J38: compta2@stjoseph-tinteniac.fr | K38: COLLEGE ST JOSEPH | L38: 2 rue St Jean-Baptiste de la salle | M38: 35190 TINTENIAC | P38: Mme PROVOST | Q38: 2 rue St Jean-Baptiste de la salle | S38: 35190 TINTENIAC | T38: 02.99.68.02.28
A39: PR38 | B39: MAIRIE DE TINTENIAC | C39: Mr | E39: PILLON | F39: 12 Rue Nationnale | G39: 35190 | H39: TINTENIAC | I39: 02.99.68.18.68 - 06.77.04.68.95 | J39: services.techniques@tinteniac.fr | K39: MAIRIE DE TINTENIAC | L39: 12 Rue Nationnale | M39: 35190 TINTENIAC | P39: MAIRIE DE TINTENIAC | Q39: 12 Rue Nationnale | S39: 35190 TINTENIAC
A40: PR39 | B40: PIGEAULT IMMOBILIER | C40: Mme | D40: Carole | E40: MARAIS | F40: 25 rue de la monnaie | G40: 35000 | H40: RENNES | I40: 02.99.30.82.18 | J40: locationrennes@pigeaultimmobilier.fr | K40: Mme LE BELLEC | L40: Kerpuns | M40: 22260 PLOUEC DU TRIEUX | P40: Mlle POULIQUEN | Q40: 11 rue Surcouf | R40: N° A55 | S40: 35000 RENNES | T40: 06.59.77.42.11
A41: PR40 | B41: AGENCE COGIR | C41: Mr | D41: Bastien | E41: CHEVAL | F41: 5 Rue Lafayette | G41: 35000 | H41: RENNES | I41: 06.71.00.35.39 | J41: bastien.cheval@cogir.fr | K41: 20161007000336-MOUTON | P41: GUEGAN Solène | Q41: 6 rue Leconte de L'Isle | R41: RDC | S41: 35000 RENNES | T41: 06.47.26.73.05
A42: PR41 | B42: PIGEAULT IMMOBILIER | C42: Mme | D42: Carole | E42: MARAIS | F42: 25 rue de la monnaie | G42: 35000 | H42: RENNES | I42: 02.99.30.82.18 | J42: locationrennes@pigeaultimmobilier.fr | P42: Mme DAUPHIN | Q42: 27 Rue Etienne Pinault | R42: N° 4 RDC | S42: 35000 RENNES | T42: 06.42.04.47.25 - 02.99.87.90.05
A43: PR42 | C43: Mr | E43: COSTA | I43: 06.12.25.50.97 | J43: costa_583@hotmail.com | K43: Mr COSTA | Q43: 41 Av du Gl de Gaulle | R43: RDC | S43: 35170 BRUZ | T43: 06.12.25.50.97
A44: PR43 | B44: AGENCE COGIR | C44: Mr | D44: Bastien | E44: CHEVAL | F44: 5 Rue Lafayette | G44: 35000 | H44: RENNES | I44: 06.71.00.35.39 | J44: bastien.cheval@cogir.fr | K44: 20161102000396-LARDOUX | P44: MENNERET | Q44: 6, rue Jean Moilin | R44: 2ème étage gauche | S44: 35000 RENNES | T44: Libre
A45: PR44 | B45: PIGEAULT IMMOBILIER | C45: Mme | D45: Sophie | E45: CHEREL | F45: 25 rue de la monnaie | G45: 35000 | H45: RENNES | I45: 02.99.30.82.18 | J45: locationrennes@pigeaultimmobilier.fr | K45: Mr & Mme DIAKITE ISAAC | L45: 1, Lotissement des Vergers | M45: 70240 SAULX | N45: 06.76.71.21.04 | P45: Mlle NOURY | Q45: 13 rue Louis Armand | R45: 1er étage N° C112 | S45: 35170 BRUZ | T45: Libre
A46: PR45 | C46: Mme | D46: Marie Françoise | E46: DAVID | F46: 1 Rue HAMON | G46: 35000 | H46: RENNES | I46: 06.43.55.15.23 | J46: mariedavid35@hotmail.com | K46: Mme DAVID | L46: 1 Rue HAMON | M46: 35000 RENNES | N46: 06.43.55.15.23 | O46: mariedavid35@hotmail.com | Q46: 31 rue Amiral Courbet | R46: 3ème gauche | S46: 35000 RENNES
A47: PR46 | C47: Mme | D47: Marie Françoise | E47: DAVID | F47: 1 Rue HAMON | G47: 35000 | H47: RENNES | I47: 06.43.55.15.23 | J47: mariedavid35@hotmail.com | K47: Mme DAVID | L47: 1 Rue HAMON | M47: 35000 RENNES | N47: 06.43.55.15.23 | O47: mariedavid35@hotmail.com | P47: Mme DAVID | Q47: 1 Rue HAMON | R47: Maison individuelle | S47: 35000 RENNES | T47: 06.43.55.15.23
A48: PR47 | B48: LAFORET IMMOBILIER | C48: Mr | D48: Sébastien | E48: LEMEE | F48: 25 Rue des Rouairies | G48: 22100 | H48: DINAN | I48: 02.96.39.08.33 | J48: slemee-servicegestion@laforet.com | Q48: 36 Av du Gl GIRAUD | R48: RDC gauche | S48: 35800 DINARD
A49: PR48 | B49: SREM | C49: Mr | D49: David | E49: POLIXEME | F49: 21, Espace Jean Mantelet Bd de l'Espérence | G49: 14123 | H49: CORMELLES-LE-ROYAL | P49: Ets B PLAST | Q49: Rue du val | S49: 35520 MELESSE | T49: 06.70.47.57.09
A50: PR49 | B50: PIGEAULT IMMOBILIER | C50: Mr | D50: Charléric | E50: BANCHEREAU | F50: 25 rue de la monnaie | G50: 35000 | H50: RENNES | I50: 02.99.30.82.18 | J50: locationrennes@pigeaultimmobilier.fr | K50: SCI IAS | P50: Mr TRONTEL | Q50: 81 Rue d'Antrain | R50: appt 406 | S50: 35000 RENNES | T50: 06.13.24.36.77
A51: PR50 | B51: PIGEAULT IMMOBILIER | C51: Mme | D51: Sophie | E51: CHEREL | F51: 25 rue de la monnaie | G51: 35000 | H51: RENNES | I51: 02.99.30.82.18 | J51: locationrennes@pigeaultimmobilier.fr | K51: Mme GREGOIRE | L51: 18 rue des Missionnaires | M51: 78000 VERSAILLES | N51: 06.86.48.71.42 | O51: arlette.gregoire@yahoo.fr | Q51: 23 rue de l'échange | R51: Maison individuelle | S51: 35000 RENNES
A52: PR51 | B52: REZOLUTION | C52: Mr | D52: Stéphane | E52: RENARD | F52: 23 Rue nationale | G52: 35190 | H52: TINTENIAC | I52: 02.23.25.16.45 | J52: contact@rezolution.info | K52: Mr RENARD | L52: 23 rue Nationale | M52: 35190 TINTENIAC | N52: 02.23.25.16.45 | P52: Mr RENARD | Q52: 23 Rue Nationale | R52: Magasin | S52: 35190 TINTENIAC | T52: 02.23.25.16.45
A53: PR52 | B53: LAFORET IMMOBILIER | C53: Mr | D53: Sébastien | E53: LEMEE | F53: 25 Rue des Rouairies | G53: 22100 | H53: DINAN | I53: 02.96.39.08.33 | J53: slemee-servicegestion@laforet.com | K53: Mr & Mme JOSSELIN | L53: 25 rue des Rouairies | M53: 22100 DINAN | Q53: 9, Residence de la Pommerais | R53: Maison individuelle | S53: 22100 QUEVERT
A54: PR53 | C54: Mr & Mme | E54: JEANNE | F54: 36 rue Nationale | G54: 35190 | H54: St DOMINEUC | I54: 02.99.45.21.18 | K54: Mr & Mme JEANNE | L54: 36 rue Nationale | M54: 35190 ST DOMINEUC | N54: 02.99.45.21.18 | Q54: 36 rue Nationale | R54: Maison individuelle | S54: 35190 ST DOMINEUC
A55: PR54 | B55: PIGEAULT IMMOBILIER | C55: Mr | D55: Charléric | E55: BANCHEREAU | F55: 25 rue de la monnaie | G55: 35000 | H55: RENNES | I55: 02.99.30.82.18 | J55: locationrennes@pigeaultimmobilier.fr | K55: Mr LEMARCHAND Maxime | P55: Mlle BATTAIS | Q55: 14 rue du Dr Yves Louvigné | R55: Appt 472 | S55: 35000 RENNES | T55: 06.79.90.44.44
A56: PR55 | C56: Mr & Mme | E56: JEANNE | F56: 36 rue Nationale | G56: 35190 | H56: St DOMINEUC | I56: 02.99.45.21.18 | J56: paschrit-otl@hotmail.fr | K56: Mr & Mme JEANNE | L56: 36 rue Nationale | M56: 35190 ST DOMINEUC | N56: 02.99.45.21.18 | O56: paschrit-otl@hotmail.fr | P56: BOULANGERIE | Q56: 36 rue Nationale | R56: Magasin | S56: 35190 ST DOMINEUC | T56: 02.99.45.21.18
A57: PR56 | B57: EXA GESTION | C57: Mme | D57: Céline | E57: RAULT | F57: 92 Rue de St Hélier | G57: 35000 | H57: RENNES | I57: 02.23.40.00.00 | J57: syndic@exa-gestion.com | P57: COPROPRIETE | Q57: 7 Rue de la Santé | R57: Hall & Cage d'escalier | S57: 35000 RENNES | T57: 02.23.40.00.00
A58: PR57 | B58: PIGEAULT IMMOBILIER | C58: Mr | D58: Charléric | E58: BANCHEREAU | F58: 25 rue de la monnaie | G58: 35000 | H58: RENNES | I58: 02.99.30.82.18 | J58: locationrennes@pigeaultimmobilier.fr | K58: Mr MALOUINES Philippe | P58: Mlle RENAULT | Q58: 1 Rue Aiméé Antignac | R58: Appt 207 | S58: 35000 RENNES | T58: 06.79.90.44.44
A59: PR58 | C59: Mr | D59: Jean-Yves | E59: BUSNEL | F59: launay godin | G59: 35190 | H59: TINTENIAC | I59: 06.23.16.16.95 | K59: Mr BUSNEL | Q59: 97 Rue de Rennes | S59: 35341 LIFFRE
A60: PR59 | B60: BARON IMMOBILIER | C60: Mr | D60: Jean-Paul | E60: BARON | F60: 12 Place du bas des Lices | G60: 35000 | H60: RENNES | I60: 02.99.30.05.61 | J60: baron.immobilier@wanadoo.fr | K60: Mr PIC & Mme TRAPU | L60: 37, Quai de l'Ourcq | M60: 93500 PANTIN | N60: 06.87.96.00.62 | O60: chan_007@hotmail.fr | P60: Disponible | Q60: 14b Rue de Plaisance | R60: 1er étage | S60: 35000 RENNES
A61: PR60 | B61: PIGEAULT IMMOBILIER | C61: Mr | D61: Sophie | E61: CHEREL | F61: 25 rue de la monnaie | G61: 35000 | H61: RENNES | I61: 02.99.30.82.18 | J61: locationrennes@pigeaultimmobilier.fr | K61: Mme KERMARC Monique | L61: 23 route de Guelebara | M61: 29410 ST THEGONNEC | N61: 06.80.43.26.83 | O61: kermarc.monique@orange.fr | P61: Mme HANNHART | Q61: 11 Rue d'écahnge | R61: appt B003 | S61: 35000 RENNES | T61: 06.71.74.55.39
A62: PR61 | B62: Cheminées COLLARD | F62: ZA la Morandais | G62: 35190 | H62: TINTENIAC | I62: 02.99.45.47.34 | J62: rdoussal@orange.fr | K62: Mr & Mme SOYER | L62: Le champs Breton | M62: 35630 LES IFFS | N62: 06.09.67.44.55 | P62: Mr & Mme SOYER | Q62: Le champs Breton | R62: Maison individuelle | S62: 35630 LES IFFS | T62: 06.09.67.44.55
A63: PR62 | C63: Mme | D63: Christine | E63: PLEVIN | F63: 2 Rue de Melesse | G63: 35720 | H63: COMBOURG | K63: Mme PLEVIN Christine | L63: 2 Rue de Melesse | M63: 35720 COMBOURG | P63: Mme PINAULT | Q63: Rue des Jasmins | R63: appart | S63: 35190 TINTENIAC | T63: 06.70.33.96.11
A64: PR63 | B64: LFI LA FRANCAISE IMMOBILIERE MORDELLES | C64: Mme | D64: Sophie | E64: QUEDRU | F64: 9 Place Saint Pierre | G64: 35310 | H64: MORDELLES | I64: 03.23.25.42.44 | J64: mordelles@francaiseimmo.fr | Q64: 38 Rue Yvas Jean Tupin | R64: Maison individuelle | S64: 35170 BRUZ
A65: PR64 | C65: Mme | D65: Nicole | E65: BARREL | F65: 2 Le Grand Bois | G65: 35190 | H65: QUEBRIAC | I65: 02.99.23.08.91 | K65: Mme BARREL | L65: 2 Le Grand Bois | M65: 35190 QUEBRIAC | N65: 02.99.23.08.91 | P65: Mme BARREL | Q65: 2 Le Grand Bois | R65: Maison individuelle | S65: 35190 QUEBRIAC | T65: 02.99.23.08.91
A66: PR65 | B66: AGENCE COGIR | D66: Diane | F66: 5 Rue Lafayette | G66: 35000 | H66: RENNES | K66: 201612270000497 | P66: Mr LLADERES Sascha | Q66: 26, rue Noël Blayau | R66: RDC B01 | S66: 35000 RENNES | T66: 06.33.06.19.23
A67: PR66 | B67: AGENCE COGIR | C67: Mr | D67: Bastien | E67: CHEVAL | F67: 5 Rue Lafayette | G67: 35000 | H67: RENNES | I67: 06.71.00.35.39 | J67: bastien.cheval@cogir.fr | K67: 20170111000528 | P67: Mlle GAROT Julia | Q67: 10 rue des plantes | R67: RDC droit 542 | S67: 35000 RENNES | T67: 07.63.40.77.89
A68: PR67 | B68: Société GLORY | C68: Mr | D68: Jérôme | E68: GLORY | F68: 2, impasse du Tertre | G68: 35720 | H68: PLEUGUENEUC | I68: 02.99.69.40.69 | J68: jerome.glory@glory-injectionplastique.fr | K68: Mme GLORY | L68: 2, impasse du Tertre | M68: 35720 PLEUGUENEUC | N68: 02.99.69.40.69 | O68: jerome.glory@glory-injectionplastique.fr | Q68: 2, impasse du Tertre | R68: Usine | S68: 35720 PLEUGUENEUC
A69: PR68 | B69: COLLEGE THEOPHILE BRIANT | C69: Mme | D69: Mélody | E69: MALLE | F69: 21 avenue des Trente | G69: 35190 | H69: TINTENIAC | I69: 02.99.68.02.13 | J69: gestion.0350051r@ac-rennes.fr | P69: COLLEGE THEOPHILE BRIANT | Q69: 21 avenue des Trente | R69: COLLEGE | S69: 35190 TINTENIAC | T69: 02.99.68.02.13
A70: PR69 | B70: LAFORET IMMOBILIER | C70: Mr | D70: Sébastien | E70: LEMEE | F70: 25 Rue des Rouairies | G70: 22100 | H70: DINAN | I70: 02.96.39.08.33 | J70: slemee-servicegestion@laforet.com | K70: Mr & Mme GAUTIER | L70: 23 rue Lejamptel | M70: 35120 DOL de BRETAGNE | N70: 02.99.80.70.26 | P70: Mr & Mme PLAUD | Q70: 4 Marmerance | R70: Maison individuelle | S70: 35120 Dol de Bretagne | T70: 02.99.80.70.26
A71: PR70 | B71: MAIRIE DE TINTENIAC | C71: Mr | D71: Philippe | E71: PILLON | F71: 12 Rue Nationnale | G71: 35190 | H71: TINTENIAC | I71: 02.99.68.18.68 - 06.77.04.68.95 | J71: services.techniques@tinteniac.fr | K71: MAIRIE DE TINTENIAC | L71: 12 Rue Nationnale | M71: 35190 TINTENIAC | P71: Salle de sport de Tinténiac | Q71: Bd Tristan Corbière | R71: Salle de sport | S71: 35190 TINTENIAC | T71: 02.99.68.18.68 - 06.77.04.68.95
A72: PR71 | B72: PIGEAULT IMMOBILIER | C72: Mme | D72: Carole | E72: MARAIS | F72: 25 rue de la monnaie | G72: 35000 | H72: RENNES | I72: 02.99.30.82.18 | J72: locationrennes@pigeaultimmobilier.fr | K72: Mr & Mme PRISER Patrick | L72: Impasse du panorama | M72: 22730 TREGASTEL | P72: Mr PRODHOMME & Mlle BEAULAN | Q72: 3 Rue Motte Fablet | R72: 1er étage droit porte gauche | S72: 35000 RENNES | T72: 06.68.15.03.48 - 06.98.12.85.92
A73: PR72 | B73: SCI DE ROCHEVAL | C73: Mr & Mme | E73: ROLAND | F73: La Lande | G73: 35460 | H73: TREMBLAY | I73: 06.08.42.20.39 | J73: verminieredelouest@wanadoo.fr | K73: SCI DE ROCHEVAL | L73: La Lande | M73: 35460 TREMBLAY | N73: 06.08.42.20.39 | P73: Libre | Q73: 182 Rue de St Malo | R73: 2ème gauche n°213 | S73: 35000 RENNES | T73: 06.08.42.20.39
A74: PR73 | B74: PIGEAULT IMMOBILIER | C74: Mr | D74: Charléric | E74: BANCHEREAU | F74: 25 rue de la monnaie | G74: 35000 | H74: RENNES | I74: 02.99.30.82.18 | J74: locationrennes@pigeaultimmobilier.fr | K74: Mr LONGY Nicolas | P74: Mr LAINE | Q74: 11 rue Surcouf | R74: appt A32 | S74: 35000 RENNES | T74: 06.20.23.92.32
A75: PR74 | B75: MAIRIE DE TINTENIAC | C75: Mr | D75: Philippe | E75: PILLON | F75: 12 Rue Nationnale | G75: 35190 | H75: TINTENIAC | I75: 02.99.68.18.68 - 06.77.04.68.95 | J75: services.techniques@tinteniac.fr | K75: MAIRIE DE TINTENIAC | L75: 12 Rue Nationnale | M75: 35190 TINTENIAC | P75: Ecole maternelle | Q75: rue René Guy Cadou | S75: 35190 TINTENIAC | T75: 02.99.68.18.68 - 06.77.04.68.95
A76: PR75 | C76: Mme | E76: Morvan | F76: 7 chemin cour à dehors | G76: 35190 | H76: TINTENIAC | I76: 02.99.68.12.67 | K76: Mme MORVAN | L76: 7 chemin cour à dehors | M76: 35190 TINTENIAC | N76: 02.99.68.12.67 | P76: Mme MORVAN | Q76: 7 chemin cour à dehors | R76: Maison individuelle | S76: 35190 TINTENIAC | T76: 02.99.68.12.67
A77: PR76 | B77: MAIRIE DE TINTENIAC | C77: Mr | D77: Philippe | E77: PILLON | F77: 12 Rue Nationnale | G77: 35190 | H77: TINTENIAC | I77: 02.99.68.18.68 - 06.77.04.68.95 | J77: services.techniques@tinteniac.fr | K77: MAIRIE DE TINTENIAC | L77: 12 Rue Nationnale | M77: 35190 TINTENIAC | P77: Salle DOJO | Q77: Bd Tristan Corbière | R77: Salle de sport | S77: 35190 TINTENIAC
A78: PR77 | B78: PIGEAULT IMMOBILIER | C78: Mr | D78: Charléric | E78: BANCHEREAU | F78: 25 rue de la monnaie | G78: 35000 | H78: RENNES | I78: 02.99.30.82.18 | J78: locationrennes@pigeaultimmobilier.fr | K78: Mme GLOANEC | P78: Mlle CARODET | Q78: 24 BD Solférino | R78: appt233 6éme étage | S78: 35000 RENNES | T78: 07.50.46.58.52
A79: PR78 | C79: Mr | D79: ALBERT | E79: CRUBLE | F79: 11 rue René Louis Gallouedec | G79: 35700 | H79: RENNES | I79: 06.99.01.30.75 | J79: albert.cruble@gmail.com | K79: Mr CRUBLE Albert | L79: 11 rue René Louis Gallouedec | M79: 35700 RENNES | N79: 06.99.01.30.75 | O79: albert.cruble@gmail.com | Q79: 161 Bd Eugène Pottier | R79: 3ème Droit | S79: 35000 RENNES
A80: PR79 | B80: BARON IMMOBILIER | C80: Mr | D80: Jean-Paul | E80: BARON | F80: 12 Place du bas des Lices | G80: 35000 | H80: RENNES | I80: 02.99.30.05.61 | J80: baron.immobilier@wanadoo.fr | K80: Mr & Mme BARON | L80: 10 Bd Alexis Carel | M80: 35000 RENNES | N80: 06.60.90.70.43 | O80: baron.immobilier@wanadoo.fr | P80: Mr & Mme BARON | Q80: 10 Bd Alexis Carel | R80: Maison individuelle | S80: 35000 RENNES | T80: 02.99.30.05.61-06.60.90.70.43
A81: PR80 | C81: Mr | D81: Louis | E81: ROCHEFORT | F81: 11 Rue papejault | G81: 35190 | H81: TINTENIAC | I81: 02.99.68.13.78 | J81: rochefort.louis@orange.fr | K81: Mr ROCHEFORT | L81: 11 Rue papejault | M81: 35190 TINTENIAC | N81: 02.99.68.13.78 | O81: rochefort.louis@orange.fr | P81: Mme CHAUVIN Marie | Q81: 30 Av des trente | R81: Appt N°7 RDC droit | S81: 35190 TINTENIAC | T81: 02.99.23.08.58
A82: PR81 | C82: Mr | D82: Jean | E82: HEUZE | F82: 2C rue du stade | G82: 35190 | H82: St DOMINEUC | I82: 02.99.45.35.64 | J82: jean.heuze086@orange.fr | K82: Mr HEUZE Jean | L82: 2C rue du stade | M82: 35190 ST DOMINEUC | N82: 02.99.45.35.64 | O82: jean.heuze086@orange.fr | Q82: 24 bis route Nationale | S82: 35190 St DOMINEUC | T82: 02.99.45.35.64
A83: PR82
A84: PR83 | C84: Mr | E84: BRIOT | F84: 20 Rue de trelat | G84: 35190 | H84: TRIMER | I84: 02.99.23.07.32 | J84: c-briot@orange.fr | K84: Mr BRIOT | L84: 20 Rue de trelat | M84: 35190 TRIMER | N84: 02.99.23.07.32 | P84: Mr VASST | Q84: 15 Rue Zachari Roussin | R84: Maison individuelle | S84: 35190 TINTENIAC
A85: PR84 | C85: Mr | E85: JANVIER | F85: 3 jardin des ransonniers | G85: 35520 | H85: St SULPICE LA FORÊT | I85: 06.18.17.17.08 | J85: janviermartin8478@gmail.com | K85: Mr JANVIER | L85: 3 jardin des ransonniers | M85: 35520 St SULPICE LA FORÊT | N85: 06.18.17.17.08 | P85: Mr JANVIER | Q85: 3 jardin des ransonniers | R85: Maison individuelle | S85: 35520 St SULPICE LA FORÊT | T85: 06.18.17.17.08
A86: PR85 | B86: PIGEAULT IMMOBILIER | C86: Mme | D86: Sophie | E86: CHEREL | F86: 25 rue de la monnaie | G86: 35000 | H86: RENNES | I86: 02.99.30.82.18 | J86: locationrennes@pigeaultimmobilier.fr | K86: Mr St MARC Etienne | N86: 06.45.33.62.41 | O86: e-saintmarc@gmail.com | P86: Libre | Q86: 9 rue Fernand Robert | R86: Apprt A 106 1er etage gauche | S86: 35000 RENNES
A87: PR86 | C87: Mr | D87: Gilles | E87: LE BOUAR | F87: 22 Rue du val beaupré | G87: 56000 | H87: VANNES | I87: 06.44.07.10.91 | J87: gilles.lebouar@outlook.fr | K87: Mr LE BOUAR | L87: 22 Rue du val beaupré | M87: 56000 VANNES | N87: 06.44.07.10.91 | O87: gilles.lebouar@outlook.fr | P87: Libre | Q87: 6 Rue François Menez | R87: Appt 32 3ème étage | S87: 35000 RENNES
A88: PR87 | C88: Mr | D88: ALBERT | E88: CRUBLE | F88: 11 rue René Louis Gallouedec | G88: 35700 | H88: RENNES | I88: 06.99.01.30.75 | J88: albert.cruble@gmail.com | K88: Mr CRUBLE Albert | L88: 11 rue René Louis Gallouedec | M88: 35700 RENNES | N88: 06.99.01.30.75 | O88: albert.cruble@gmail.com | P88: Mr & Mme PONTIS | Q88: 6 rue Francis Gapihan | R88: Maison individuelle | S88: 35520 LA CHAPELLE DES FOUGERETZ
A89: PR88 | C89: Mr & Mme | D89: François | E89: BUSNEL | F89: La Hardouinais | G89: 35190 | H89: Miniac sous Becherel | I89: 02.99.45.87.61 | K89: Mr & MmE BUSNEL | L89: La Hardouinais | M89: 35190 Miniac sous Becherel | N89: 02.99.45.87.61 | P89: Mr & MmE BUSNEL | Q89: La Hardouinais | S89: 35190 Miniac sous Becherel
A90: PR89 | B90: DM2C | C90: Mr | D90: Benjamin | E90: PRODHOMME | F90: 13 Rue de Cezembre | G90: 35530 | H90: Servon sur Vilaine | I90: 06.29.02.22.51 | J90: dm2c.entreprise@gmail.com | K90: DM2C | L90: 13 Rue de Cezembre | M90: 35530 Servon sur Vilaine | N90: 06.29.02.22.51 | P90: RESTAURANT Mr DOYEN | Q90: 16 Rue Nantaise | R90: Restaurant | S90: 35000 RENNES
A91: PR90 | B91: CHENIL DE MARLY | C91: Mr & Mme | E91: GOISBEAU | F91: La Gahannais | G91: 35190 | H91: CARDROC | I91: 02.99.45.83.01 | J91: claude.goisbeau@wanadoo.fr | K91: Mr & Mme GOISBEAU | L91: La Gahannais | M91: 35190 CARDROC | N91: 02.99.45.83.01 | P91: Mr & Mme GOISBEAU | Q91: La Gahannais | R91: Maison individuelle | S91: 35190 CARDROC | T91: 02.99.45.83.01
A92: PR91 | B92: AGENCE COGIR | C92: Mr | D92: Bastien | E92: CHEVAL | F92: 5 Rue Lafayette | G92: 35000 | H92: RENNES | I92: 06.71.00.35.39 | J92: bastien.cheval@cogir.fr | K92: Mme HESLAN | M92: 35000 RENNES | P92: Mme HESLAN | Q92: 2 Square Alain Fergent | R92: 2ème étage en face droit | S92: 35000 RENNES
A93: PR92 | B93: PIGEAULT IMMOBILIER | C93: Mr | D93: Charléric | E93: BANCHEREAU | F93: 25 rue de la monnaie | G93: 35000 | H93: RENNES | I93: 02.99.30.82.18 | J93: locationrennes@pigeaultimmobilier.fr | K93: Mr GUINARD Hervé | P93: Mlle SIMON-VARIN | Q93: 140 route de Lorient | R93: 2ème étage gauche | S93: 35000 RENNES | T93: 06.73.70.58.36
A94: PR93 | C94: Mr | D94: William | E94: COSTA | F94: 10 Domaine des chênes | G94: 35190 | H94: ST DOMINEUC | I94: 06.12.25.50.97 | J94: costa_583@hotmail.com | K94: Mr COSTA | L94: 15 Boulevard d'Anjou | M94: 35700 RENNES | N94: 06.12.25.50.97 | P94: Libre | Q94: 15 Boulevard d'Anjou | R94: 1er Etage droit | S94: 35700 RENNES | T94: 06.12.25.50.97
A95: PR94 | C95: Mr & Mme | E95: PENN | F95: 21 Rue d'échange | G95: 35000 | H95: RENNES | I95: 06.04.19.81.22 | K95: Mr & Mme PENN | L95: 21 Rue d'échange | M95: 35000 RENNES | N95: 06.04.19.81.22 | P95: Mr & Mme PENN | Q95: 21 Rue d'échange | R95: Maison individuelle | S95: 35000 RENNES
A96: PR95 | C96: Mr & Mme | D96: Yannick | E96: JEULAND | F96: 7 Fersac | G96: 35270 | H96: MEILLAC | I96: 06.68.20.43.01 | J96: marinayannick@wanadoo.fr | K96: Mr & Mme JEULAND | L96: 7 Fersac | M96: 35270 MEILLAC | N96: 06.68.20.43.01 | O96: marinayannick@wanadoo.fr | P96: Mr & Mme JEULAND | Q96: 7 Fersac | R96: Maison individuelle | S96: 35270 MEILLAC | T96: 06.68.20.43.01
A97: PR96 | B97: ENTREPRISE R&D Rénovation | C97: Mr | D97: Philippe | E97: RICOLLEAU | F97: 7 Rue de l'ille | G97: 35630 | H97: VIGNOC | I97: 06.51.74.50.57 | J97: ent.renov@yahoo.fr | Q97: Le placis des noës | R97: Maison individuelle | S97: 35520 MONTREUIL LE GAST
A98: PR97 | B98: Agence Concep Immo Breizh | C98: Mme | D98: Lydie | E98: SOQUET | F98: 2 rue Poullain Duprac | G98: 35000 | H98: RENNES | I98: 02.99.34.67.84 - 06.79.55.72.32 | J98: concept.immo.breizh35@orange.fr | K98: Mme DELEPINE | M98: 35000 RENNES | P98: Libre | Q98: 121 AV Fréville | R98: appt 2ème droit | S98: 35000 RENNES
A99: PR98 | C99: Mr & Mme | D99: Francis | E99: GESLIN | F99: 18 rue de Bruxelle | G99: 35130 | H99: LA GUERCHE DE BRETAGNE | I99: 02.99.96.25.29 - 06.17.38.62.09 | J99: geslin.franco@outlook.fr | K99: Mr & Mme GESLIN | L99: 18 rue de Bruxelle | M99: 35130 LA GUERCHE DE BRETAGNE | N99: 02.99.96.25.29 - 06.17.38.62.09 | O99: geslin.franco@outlook.fr | Q99: 3 Rue la motte fablet | R99: appt 1er étage | S99: 35000 RENNES
A100: PR99 | C100: Mr | D100: David | E100: TULOUP | F100: La Cour es Dauvet | G100: 35190 | H100: TINTENIAC | I100: 06.74.13.46.08 | K100: Mr TULOUP | L100: La Cour es Dauvet | M100: 35190 TINTENIAC | N100: 06.74.13.46.08 | Q100: 1 rue Françoise Leroux | R100: Maison individuelle | S100: 35190 TINTENIAC
...

Sheet TVA
A2: 0.2 | B2: TVA à 20% :Le taux de TVA par défaut en 2015 est de 20%. Il concerne par défaut tous les produits et services, sauf les exceptions suivantes :
A3: 0.1 | B3: TVA à 10% :On applique des taux de TVA différents dans certains domaines, comme la restauration où le taux en vigueur est de 10%. On retrouve le même taux de 10% pour les produits et services suivants :• Services d’aide à la personne • Prestations d’hébergement et de transport • Produits agricoles sans transformation • Médicaments non remboursés • Travaux et réparation pour les logements ayant plus de deux ans
A4: 0.055 | B4: TVA à 5,5% :• Restauration scolaire • Produits alimentaires de première nécessité • Eau et boissons sans alcool • Équipements pour personnes handicapées • Travaux d’amélioration énergétique des logements de plus de 2 ans • Abonnements aux réseaux de fourniture d’énergie comme le gaz et l’électricité

Sheet Offre Commerciale peinture
A1: référence | B1: désignation | C1: prix € | D1: temps/m² ou ml | E1: cout horaire | F1: matière P | G1: temps | H1: M²
B2: PEINTURE
A3: 1 | B3: Préparation des murs, rebouchage, ponçage, 1 couche d'impression, 2 couches de Blanc | C3: =(F3*H3)+G3 -> 15.5 | D3: 6 | E3: 45 | F3: 11 | G3: =(D3/60)*E3 -> 4.5 | H3: 1
A4: 2 | B4: Préparation des murs, rebouchage, ponçage, 1 couche d'impression, 2 couches de Blanc Velours | C4: =(F4*H4)+G4 -> 15.5 | D4: 6 | E4: 45 | F4: 11 | G4: =(D4/60)*E4 -> 4.5 | H4: 1
A5: 3 | B5: Préparation des plafonds, rebouchage, ponçage, 1 couche d'impression, 2 couches de blanc | C5: =(F5*H5)+G5 -> 19 | D5: 8 | E5: 45 | F5: 13 | G5: =(D5/60)*E5 -> 6 | H5: 1
A6: 4 | B6: Préparation des murs, rebouchage, ponçage, 1 couche d'impression, 2 couches de Couleur | C6: =(F6*H6)+G6 -> 24.5 | D6: 6 | E6: 45 | F6: 20 | G6: =(D6/60)*E6 -> 4.5 | H6: 1
A7: 5 | B7: Préparation des murs, rebouchage, ponçage, 1 couche d'impression, 2 couches de Couleur Velours | C7: =(F7*H7)+G7 -> 24.5 | D7: 6 | E7: 45 | F7: 20 | G7: =(D7/60)*E7 -> 4.5 | H7: 1
A8: 6 | B8: Préparation des plafonds, rebouchage, ponçage, 1 couche d'impression, 2 couches de Couleur | C8: =(F8*H8)+G8 -> 26 | D8: 8 | E8: 45 | F8: 20 | G8: =(D8/60)*E8 -> 6 | H8: 1
A9: 7 | B9: Préparation des murs, rebouchage, ponçage, toile, 1 couche d'impression, 2 couches de blanc | C9: =(F9*H9)+G9 -> 27 | D9: 12 | E9: 45 | F9: 18 | G9: =(D9/60)*E9 -> 9 | H9: 1
A10: 8 | B10: Préparation des murs, rebouchage, ponçage, toile, 1 couche d'impression, 2 couches de blanc Velours | C10: =(F10*H10)+G10 -> 27 | D10: 12 | E10: 45 | F10: 18 | G10: =(D10/60)*E10 -> 9 | H10: 1
A11: 9 | B11: Préparation des plafonds, rebouchage, ponçage, toile, 1 couche d'impression, 2 couches de blanc | C11: =(F11*H11)+G11 -> 29.25 | D11: 15 | E11: 45 | F11: 18 | G11: =(D11/60)*E11 -> 11.25 | H11: 1
A12: 10 | B12: Préparation, impression, 2 couches de blanc | C12: =(F12*H12)+G12 -> 16.5 | D12: 11 | E12: 90 | F12: 22 | G12: =(D12/60)*E12 -> 16.5 | J12: Sur murs propre de maison neuve
A13: 11 | B13: Impression, fourniture de toile lisse, pose + 2 couches de blanc mat | C13: =(F13*H13)+G13 -> 19.5 | D13: 10 | E13: 45 | F13: 12 | G13: =(D13/60)*E13 -> 7.5 | H13: 1 | J13: Sur placo neuf
A14: 12
A15: 13 | B15: Peinture sur murs, après égrainage ou ponçage, 2 couches de peinture en blanc | C15: =(F15*H15)+G15 -> 12.5 | D15: 6 | E15: 45 | F15: 8 | G15: =(D15/60)*E15 -> 4.5 | H15: 1
A16: 14 | B16: Peinture sur murs, après égrainage ou ponçage, 2 couches de peinture en blanc Velours | C16: =(F16*H16)+G16 -> 12.5 | D16: 6 | E16: 45 | F16: 8 | G16: =(D16/60)*E16 -> 4.5 | H16: 1
A17: 15 | B17: Peinture sur plafond, après égrainage ou ponçage, 2 couches de peinture en blanc | C17: =(F17*H17)+G17 -> 14 | D17: 8 | E17: 45 | F17: 8 | G17: =(D17/60)*E17 -> 6 | H17: 1
A18: 16 | B18: Peinture sur murs, après égrénage ou ponçage, 2 couches de peinture choix du client | C18: =(F18*H18)+G18 -> 24.5 | D18: 6 | E18: 45 | F18: 20 | G18: =(D18/60)*E18 -> 4.5 | H18: 1
A19: 17 | B19: Peinture sur plafond, après égrénage ou ponçage, 2 couches de peinture choix du client | C19: =(F19*H19)+G19 -> 26 | D19: 8 | E19: 45 | F19: 20 | G19: =(D19/60)*E19 -> 6 | H19: 1
A20: 18 | B20: Lessivage des murs, 1 couche de peinture blanc | C20: =(F20*H20)+G20 -> 9 | D20: 8 | E20: 45 | F20: 3 | G20: =(D20/60)*E20 -> 6 | H20: 1
A21: 19 | B21: Lessivage des murs, 1 couche de peinture blanc Velours | C21: =(F21*H21)+G21 -> 9 | D21: 8 | E21: 45 | F21: 3 | G21: =(D21/60)*E21 -> 6 | H21: 1
A22: 20 | B22: Lessivage des plafonds, 1 couche de peinture blanc | C22: =(F22*H22)+G22 -> 10.5 | D22: 10 | E22: 45 | F22: 3 | G22: =(D22/60)*E22 -> 7.5 | H22: 1
A23: 21 | B23: Lessivage des murs, 2 couches de peinture blanc | C23: =(F23*H23)+G23 -> 12 | D23: 8 | E23: 45 | F23: 6 | G23: =(D23/60)*E23 -> 6 | H23: 1
A24: 22 | B24: Lessivage des murs, 2 couches de peinture blanc Velours | C24: =(F24*H24)+G24 -> 12 | D24: 8 | E24: 45 | F24: 6 | G24: =(D24/60)*E24 -> 6 | H24: 1
A25: 23 | B25: Lessivage des plafonds, 2 couches de peinture blanc | C25: =(F25*H25)+G25 -> 15 | D25: 12 | E25: 45 | F25: 6 | G25: =(D25/60)*E25 -> 9 | H25: 1
A26: 24 | B26: Lessivage des murs, 2 couches de peinture de Couleur | C26: =(F26*H26)+G26 -> 20.25 | D26: 3 | E26: 45 | F26: 18 | G26: =(D26/60)*E26 -> 2.25 | H26: 1
A27: 25 | B27: Lessivage des plafonds, 2 couches de peinture de Couleur | C27: =(F27*H27)+G27 -> 21.75 | D27: 5 | E27: 45 | F27: 18 | G27: =(D27/60)*E27 -> 3.75 | H27: 1
A28: 26 | B28: Lessivage des murs, 2 couches de peinture Couleur pan de mur cage d'escalier | C28: =(F28*H28)+G28 -> 31.8 | D28: 18 | E28: 46 | F28: 18 | G28: =(D28/60)*E28 -> 13.8 | H28: 1 | I28: Cage descalier
A29: 27 | B29: Lessivage des murs, 2 couches de peinture blanc dans cage d'escalier & couloir | C29: =(F29*H29)+G29 -> 23.5 | D29: 15 | E29: 46 | F29: 12 | G29: =(D29/60)*E29 -> 11.5 | H29: 1 | J29: Sur Plafond propre de maison neuve
A30: 28 | B30: Lessivage plafond, réparation fissure, préparation, 2 couches de blanc | C30: =(F30*H30)+G30 -> 22 | D30: 10 | E30: 60 | F30: 12 | G30: =(D30/60)*E30 -> 10 | H30: 1
A31: 29 | B31: Lessivage fumée sur plafond, 1 couche de peinture isolante, 1 couche de mat | C31: =(F31*H31)+G31 -> 21.5 | D31: 10 | E31: 60 | F31: 11.5 | G31: =(D31/60)*E31 -> 10 | H31: 1
A32: 30 | B32: Lessivage fumée sur Murs, 1 couche de peinture isolante, 1 couche de satiné dans le même ton | C32: =(F32*H32)+G32 -> 23.8 | D32: 15 | E32: 60 | F32: 8.8 | G32: =(D32/60)*E32 -> 15 | H32: 1
A33: 31 | B33: Lessivage radiateur, 2 couches de peinture | C33: =(F33*H33)+G33 -> 65 | D33: 45 | E33: 60 | F33: 20 | G33: =(D33/60)*E33 -> 45 | H33: 1
A34: 32 | B34: Lessivage de coffre de volets roulants, 2 couche de blanc | C34: =(F34*H34)+G34 -> 17.5 | D34: 10 | E34: 45 | F34: 10 | G34: =(D34/60)*E34 -> 7.5 | H34: 1
A35: 33 | B35: Fourniture et pose de toile, 2 couches de blanc | C35: =(F35*H35)+G35 -> 25.25 | D35: 7 | E35: 45 | F35: 20 | G35: =(D35/60)*E35 -> 5.25 | H35: 1
A36: 34 | B36: Fourniture et pose de toile, 2 couches de Couleur | C36: =(F36*H36)+G36 -> 26.75 | D36: 9 | E36: 45 | F36: 20 | G36: =(D36/60)*E36 -> 6.75 | H36: 1
A37: 35 | B37: Décollage du papier peint cuisine, préparation des murs, fourniture et pose de toile, 2 couches de blanc | C37: =(F37*H37)+G37 -> 31 | D37: 20 | E37: 48 | F37: 15 | G37: =(D37/60)*E37 -> 16 | H37: 1 | I37: Cuisine
A38: 36 | B38: Décollage du papier peint salle de bain, préparation des murs, fourniture et pose de toile, 2 couches de blanc | C38: 31 | D38: 20 | E38: 48 | F38: 15 | G38: 16 | H38: 1 | I38: Salle de bain
A39: 37 | B39: Décollage du papier peint dans l'ensemble des pièces, préparation des murs, fourniture et pose de toile, 2 couches de blanc + un mur de couleur | C39: =(F39*H39)+G39 -> 29.75 | D39: 15 | E39: 15 | F39: 26 | G39: =(D39/60)*E39 -> 3.75 | H39: 1 | I39: Chambre
A40: 38 | B40: Décollage du papier peint WC, préparation des murs, fourniture et pose de toile, 2 couches de blanc | C40: =(F40*H40)+G40 -> 31 | D40: 20 | E40: 48 | F40: 15 | G40: =(D40/60)*E40 -> 16 | H40: 1 | I40: Toilette
A41: 39 | B41: Décollage du papier peint séjour, préparation des murs, fourniture et pose de toile, 2 couches de blanc | C41: =(F41*H41)+G41 -> 27.75 | D41: 15 | E41: 15 | F41: 24 | G41: =(D41/60)*E41 -> 3.75 | H41: 1 | I41: Salon séjour
A42: 40 | B42: Décollage du papier peint cage d'escalier, préparation des murs, fourniture et pose de toile, 2 couches de peinture, choix du client | C42: =(F42*H42)+G42 -> 37.5 | D42: 25 | E42: 48 | F42: 17.5 | G42: =(D42/60)*E42 -> 20 | H42: 1 | I42: Couloir
A43: 41 | B43: Décollage du papier peint placard, préparation des murs, fourniture et pose de toile, 2 couches de blanc | C43: =(F43*H43)+G43 -> 31 | D43: 20 | E43: 48 | F43: 15 | G43: =(D43/60)*E43 -> 16 | H43: 1 | I43: Placard
A44: 42 | B44: Décapage important du projeter, toile 160g, 2 couches de blanc | C44: =(F44*H44)+G44 -> 702.5 | D44: 300 | E44: 55 | F44: 95 | G44: =(D44/60)*E44 -> 275 | H44: 4.5
A45: 43 | B45: Enduisage, ponçage, toile, impression, 2 couches de blanc | C45: =(F45*H45)+G45 -> 405 | D45: 360 | E45: 55 | F45: 25 | G45: =(D45/60)*E45 -> 330 | H45: 3
A46: 44 | B46: Dépose du papier peint, préparation, pose | C46: =(F46*H46)+G46 -> 21.25 | D46: 15 | E46: 45 | F46: 10 | G46: =(D46/60)*E46 -> 11.25 | H46: 1
A47: 45 | B47: Fourniture du papuer peint choisi par le client | C47: =(F47*H47)+G47 -> 25.75 | D47: 1 | E47: 45 | F47: 25 | G47: =(D47/60)*E47 -> 0.75 | H47: 1
A48: 46 | B48: Fourniture et pose de panneaux isolants déprond 3mm | C48: =(F48*H48)+G48 -> 660.29 | D48: 30 | E48: 45 | F48: 29.5 | G48: =(D48/60)*E48 -> 22.5 | H48: 21.62
A49: 47 | B49: Fourniture et pose de panneaux isolation thermique + pose de toile | C49: =(F49*H49)+G49 -> 48.25 | D49: 25 | E49: 45 | F49: 29.5 | G49: =(D49/60)*E49 -> 18.75 | H49: 1
A50: 48
A51: 49
A52: 50 | B52: BOISERIE
A55: 53 | B55: Lessivage porte et huisserie,2 couches de blanc | C55: =(F55*H55)+G55 -> 50 | D55: 30 | E55: 60 | F55: 20 | G55: =(D55/60)*E55 -> 30 | H55: 1
A56: 54 | B56: Lessivage encadrement de huisserie, 2 couches de blanc | C56: =(F56*H56)+G56 -> 22 | D56: 10 | E56: 60 | F56: 12 | G56: =(D56/60)*E56 -> 10 | H56: 1
A57: 55 | B57: Ponçage du parquet massif avec application de 2 couches de lasure | C57: =(F57*H57)+G57 -> 37.5 | D57: 20 | E57: 60 | F57: 17.5 | G57: =(D57/60)*E57 -> 20 | H57: 1
A58: 56 | B58: Préparation dans le hall du sous bassement bois, ponçage,impression, 2 couches de blanc | C58: =(F58*H58)+G58 -> 45 | D58: 20 | E58: 60 | F58: 25 | G58: =(D58/60)*E58 -> 20 | H58: 1
A59: 57 | B59: Préparation, ponçage avec moulures et corniches, impression, 2 couches de peinture dans le même ton 9001 | C59: =(F59*H59)+G59 -> 62 | D59: 30 | E59: 60 | F59: 32 | G59: =(D59/60)*E59 -> 30 | H59: 1
A60: 58 | B60: Préparation, ponçage de portes avec moulures, 2 couches de peinture dans le même ton 9001 | C60: =(F60*H60)+G60 -> 60 | D60: 30 | E60: 60 | F60: 30 | G60: =(D60/60)*E60 -> 30 | H60: 1
A61: 59 | B61: Préparation, ponçage de portes vitrée, 2 couches de peinture dans le même ton 9001 | C61: =(F61*H61)+G61 -> 90 | D61: 60 | E61: 60 | F61: 30 | G61: =(D61/60)*E61 -> 60 | H61: 1
A62: 60 | B62: fenetre, lessivage, ponçage, retouche impression, nettoyage mastic, 2 couches laque couleur | C62: =(F62*H62)+G62 -> 95 | D62: 60 | E62: 65 | F62: 30 | G62: =(D62/60)*E62 -> 65 | H62: 1
A63: 61 | B63: CAGE D'ESCALIER
A64: 62 | B64: Lessivage et ponçage de la rampe d'escalier, 2 couches de lasure | C64: =(F64*H64)+G64 -> 270 | D64: 120 | E64: 45 | F64: 45 | G64: =(D64/60)*E64 -> 90 | H64: 4
A65: 63 | B65: Lessivage et ponçage des bareaux d'escalier, 2 couches de couleur | C65: =(F65*H65)+G65 -> 315 | D65: 120 | E65: 45 | F65: 45 | G65: =(D65/60)*E65 -> 90 | H65: 5
A66: 64 | B66: Lessivage et ponçage du dessous de marches et des cotés de l'escalier, 2 couches de peinture couleur | C66: =(F66*H66)+G66 -> 405 | D66: 240 | E66: 45 | F66: 45 | G66: =(D66/60)*E66 -> 180 | H66: 5
A67: 65 | B67: Lessivage et ponçage du dessus de marches de l'escalier, 2 couches de lasure | C67: =(F67*H67)+G67 -> 360 | D67: 180 | E67: 45 | F67: 45 | G67: =(D67/60)*E67 -> 135 | H67: 5
A68: 66 | B68: Lessivage des contre marches et des cotés, 2 couches de couleur | C68: =(F68*H68)+G68 -> 523 | D68: 240 | E68: 45 | F68: 49 | G68: =(D68/60)*E68 -> 180 | H68: 7
A69: 67 | B69: Arrachage de la moquatte dans l'escalier avec remise a nu des marches et contre marches, palier du haut | C69: =(F69*H69)+G69 -> 942.5 | D69: 510 | E69: 55 | F69: 95 | G69: =(D69/60)*E69 -> 467.5 | H69: 5
A70: 68 | B70: Application de 2 couches de lasure | C70: =(F70*H70)+G70 -> 607.5 | D70: 300 | E70: 55 | F70: 95 | G70: =(D70/60)*E70 -> 275 | H70: 3.5
A71: 69 | B71: PORTE D'ENTREE
A72: 70 | B72: Lessivage, préparation de la porte d'entrée intérieur extérieur en peinture bi couleur EXT 8014 INT 9010 | C72: =(F72*H72)+G72 -> 490 | D72: 120 | E72: 55 | F72: 95 | G72: =(D72/60)*E72 -> 110 | H72: 4
A73: 71 | B73: Porte d'entrée face extérieur, Lessivage, préparation, 2 couches de peinture couleur | C73: =(F73*H73)+G73 -> 235 | D73: 60 | E73: 55 | F73: 45 | G73: =(D73/60)*E73 -> 55 | H73: 4
A74: 72 | B74: Porte d'entrée intérieur, lessivage, préparation, 1 couche de peinture dans le même ton | C74: =(F74*H74)+G74 -> 235 | D74: 60 | E74: 55 | F74: 45 | G74: =(D74/60)*E74 -> 55 | H74: 4
A75: 73 | B75: PORTE DE GARAGE
A76: 74 | B76: Décapage de porte bois, rebouchage, impression, 2 couche de peinture Gris Anthracite 7016 | C76: =(F76*H76)+G76 -> 506.5 | D76: 650 | E76: 45 | F76: 19 | G76: =(D76/60)*E76 -> 487.5 | H76: 1
A77: 75 | B77: Décapage du bas des portes, retouche, impression | C77: =(F77*#REF!)+G77 -> #REF! | D77: 120 | E77: 180 | F77: 20 | G77: =(D77/60)*E77 -> 360 | H77: 1 | I77: Porte de garage
A78: 76 | B78: Lessivage sur boiserie, 2 couches de peinture laquée crème | C78: =(F78*H78)+G78 -> 51.997167 | D78: 63.67 | E78: 49 | F78: 45 | G78: =(D78/60)*E78 -> 51.997167
A79: 77 | B79: Lessivage sur boiserie, 2 couches de vernis marin | C79: =(F79*H79)+G79 -> 140 | D79: 60 | E79: 140 | F79: 45 | G79: =(D79/60)*E79 -> 140
A80: 78 | B80: Décapage, ponçage, impression, 2 couches de satiné de couleur | C80: =(F80*H80)+G80 -> 216 | D80: 240 | E80: 54 | F80: 70 | G80: =(D80/60)*E80 -> 216
A81: 79 | B81: Décapage du faux bois, ponçage, impression, 1 couche de glacie faux bois, 1 couche de vernis | C81: =(F81*H81)+G81 -> 227.00043 | D81: 178 | E81: 76.517 | F81: 90 | G81: =(D81/60)*E81 -> 227.00043
A82: 80
A83: 81 | B83: FERRONNERIE
A84: 82 | B84: Garde Corps, lessivage, grattage rouille, retouche antirouille, 2 couches de laque antirouille couleur | C84: 119 | D84: 480 | E84: 45 | G84: =(D84/60)*E84 -> 360
A85: 83
A86: 84
A87: 85
A88: 86 | B88: PROTECTIONS
A89: 87 | B89: Bâchage de mur, protection du sol pour peinture en plafond | C89: =(F89*H89)+G89 -> 8.5 | D89: 10 | E89: 45 | F89: 1 | G89: =(D89/60)*E89 -> 7.5 | H89: 1
A90: 88 | B90: Bâchage des murs par film protecteur | C90: 30 | D90: 12 | G90: =(D90/60)*E90 -> 0
A91: 89 | B91: Protection des plinthes, menuiseries, mobiliers | C91: =(F91*H91)+G91 -> 144 | D91: 120 | E91: 60 | F91: 24 | G91: =(D91/60)*E91 -> 120 | H91: 1
A92: 90 | B92: Déplacement et Protection du mobilier | C92: =(F92*H92)+G92 -> 95 | D92: 10 | E92: 60 | F92: 85 | G92: =(D92/60)*E92 -> 10 | H92: 1
A93: 91
A94: 92
A95: 93
A96: 94
A97: 95
A98: 96
A99: 97
A100: 98
A101: 99
A102: 100 | B102: REVÊTEMENT DE SOLS | G102: =(D102/60)*E102 -> 0
...
